 Dungeon Crawl Stone Soup version 0.32-a0-596-g69a5a37 (webtiles) character file.

Game seed: 2688663114885619039

14237248 Mumonspawn the Merfolkian Blade (level 27, 238/238 (245) HPs)
             Began as a Merfolk Alchemist on Mar 2, 2024.
             Was an Initiate of Gozag.
             Escaped with the Orb
             ... and 15 runes!
             The game lasted 03:41:35 (111188 turns).

Mumonspawn the Merfolkian Blade (MfAl)            Turns: 111188, Time: 03:41:36

HP:   238/238 (245) AC: 35    Str: 19    XL:     27
MP:   49/51         EV: 41    Int: 20    God:    Gozag
Gold: 6527          SH:  0    Dex: 38    Spells: 3/50 levels left

rFire   + + .        u - +6 sword of Cerebov {flame}
rCold   + + +        (shield currently unavailable)
rNeg    + . .        H - +10 pearl dragon scales
rPois   +            m - +0 mask of the Dragon {Will+ Slay+3 SInv}
rElec   +            q - scarf of Misanthropy {rC+ rF+, ^Contam rElec Regen+ rCorr}
rCorr   +            P - +1 pair of gloves of Farfalle {Will+ MP+9 Slay+2}
SInv    +            r - +0 pair of boots "Xeakatsi" {Dex+6}
Will    ++++.        B - amulet "Ywecurou" {Spirit rPois rC+ Str+4}
Stlth   ++++         k - ring of Xom's Capriciousness {rC+ Str+6 Dex+4 Stlth+}
HPRegen 1.39/turn    J - ring of the Harvest {^Drain rElec rF+ rC+ Int+4 Slay+4}
MPRegen 0.32/turn

%: clarity, guardian spirit
@: studying 3 skills, lightly drained
A: (nimble swimmer 2), mertail, agile 1, clarity, high MP 1, shaggy fur 1
0: Orb of Zot
}: 15/15 runes: decaying, serpentine, slimy, silver, golden, iron, obsidian,
icy, bone, abyssal, demonic, glowing, magical, fiery, dark
a: Renounce Religion, Potion Petition, Call Merchant, Bribe Branch


You escaped.
You worshipped Gozag.
Gozag was greatly pleased with you.
You visited 18 branches of the dungeon, and saw 88 of its levels.
You visited Pandemonium 1 time, and saw 20 of its levels.
You visited the Abyss 1 time.
You also visited: Ice Cave and Desolation.

You collected 54254 gold pieces.
You spent 13338 gold pieces at shops.
You paid 34389 gold pieces to Gozag.

Inventory:

Hand Weapons
 u - the +6 sword of Cerebov (weapon) {flame}
   (You took it off Cerebov in Pandemonium)
Missiles
 s - 3 atropa-tipped darts {!f}
 z - 4 throwing nets (quivered) {!f}
 O - 10 darts of dispersal
 U - 17 silver javelins
Armour
 f - a +2 pair of boots of flying
 m - the +0 mask of the Dragon (worn) {Will+ Slay+3 SInv}
   (You bought it in a shop on level 3 of the Elven Halls)

   Slay+3:    It affects your accuracy & damage with ranged weapons and melee
   (+3).
   Will+:     It increases your willpower.
   SInv:      It lets you see invisible.
 q - the scarf of Misanthropy (worn) {rC+ rF+, ^Contam rElec Regen+ rCorr}
   (You acquired it on level 2 of the Crypt)

   rElec:     It insulates you from electricity.
   ^Contam:   It causes magical contamination when unequipped.
   Regen+:    It increases your rate of health regeneration.
   rCorr:     It protects you from acid and corrosion.
 r - the +0 pair of boots "Xeakatsi" (worn) {Dex+6}
   (You bought it in a shop on level 4 of the Depths)

   Dex+6:     It affects your dexterity (+6).
 t - the +2 hood of the Assassin {Detect Stab+ Stlth++}
   (You found it on level 3 of the Crypt)

   Detect:    It allows the wearer to sense nearby creatures.
   Stab+:     It allows the wearer to make particularly effective stabbing
   attacks against helpless or unaware enemies with any weapon.
   Stlth++:   It makes you much more stealthy.
 H - +10 pearl dragon scales (worn)
 P - the +1 pair of gloves of Farfalle (worn) {Will+ MP+9 Slay+2}
   (You found it on level 5 of the Vaults)

   Slay+2:    It affects your accuracy & damage with ranged weapons and melee
   (+2).
   Will+:     It increases your willpower.
   MP+9:      It affects your magic capacity (+9).
Jewellery
 c - the amulet "Xoocysus" {Acrobat ^Fragile rC+ Will+ rCorr}
   (You took it off a yellow draconian on level 5 of the Realm of Zot)

   [amulet of the acrobat]

   Acrobat:   It increases your evasion while moving and waiting.
   rC+:       It protects you from cold.
   Will+:     It increases your willpower.
   rCorr:     It protects you from acid and corrosion.
   ^Fragile:  It will be destroyed if unequipped.
 k - the ring of Xom's Capriciousness (left hand) {rC+ Str+6 Dex+4 Stlth+}
   (You found it on level 3 of the Elven Halls)

   [ring of strength]

   Str+6:     It affects your strength (+6).
   Dex+4:     It affects your dexterity (+4).
   rC+:       It protects you from cold.
   Stlth+:    It makes you more stealthy.
 B - the amulet "Ywecurou" (around neck) {Spirit rPois rC+ Str+4}
   (You found it on level 2 of the Depths)

   [amulet of guardian spirit]

   Spirit:    It causes incoming damage to be divided between your reserves of
   health and magic.
   Str+4:     It affects your strength (+4).
   rC+:       It protects you from cold.
   rPois:     It protects you from poison.
 J - the ring of the Harvest (right hand) {^Drain rElec rF+ rC+ Int+4 Slay+4}
   (You bought it in a shop on level 15 of the Dungeon)

   [ring of slaying]

   Int+4:     It affects your intelligence (+4).
   Slay+4:    It affects your accuracy & damage with ranged weapons and melee
   (+4).
   rF+:       It protects you from fire.
   rC+:       It protects you from cold.
   rElec:     It insulates you from electricity.
   ^Drain:    It drains your maximum health when unequipped.
Wands
 d - a wand of mindburst (70)
 e - a wand of paralysis (101)
 g - a wand of iceblast (37)
 A - a wand of polymorph (37)
 D - a wand of digging (12)
 G - a wand of light (29)
Scrolls
 a - 5 scrolls of revelation {!r}
 n - 12 scrolls of vulnerability
 v - 7 scrolls of poison
 w - a scroll of butterflies
 y - 3 scrolls of fog {!r}
 R - 12 scrolls of fear {!r}
 S - 7 scrolls of immolation
 T - 21 scrolls of teleportation {!r}
 W - 4 scrolls of blinking
Potions
 b - 5 potions of magic {!q}
 h - a potion of haste {!q}
 i - 11 potions of ambrosia {!q}
 j - a potion of enlightenment {!q!q}
 l - 7 potions of lignification {!q}
 o - 2 potions of invisibility {!q}
 p - 13 potions of attraction
 E - 4 potions of heal wounds {!q}
 I - 7 potions of berserk rage {!q}
 K - a potion of might {!q}
 L - 12 potions of brilliance {!q}
 M - 5 potions of resistance {!q}
 Q - 33 potions of curing {!q}
 X - 3 potions of cancellation {!q}
 Y - 8 potions of mutation
Miscellaneous
 x - a phantom mirror
 C - a phial of floods
 F - a tin of tremorstones (inert)
 N - the horn of Geryon (inert)
 V - a lightning rod (4/4)
 Z - a box of beasts (inert)


   Skills:
 - Level 26.0 Fighting
 - Level 26.7 Long Blades
 - Level 22.0 Throwing
 + Level 20.6 Armour
 - Level 26.0 Dodging
 - Level 26.0 Stealth
 - Level 12.0 Spellcasting
 - Level 5.0 Conjurations
 - Level 13.0 Hexes
 - Level 6.0 Necromancy
 - Level 15.0 Translocations
 - Level 4.0 Fire Magic
 - Level 11.3 Air Magic
 - Level 5.0 Earth Magic
 - Level 22.0 Alchemy
 + Level 22.1 Evocations


You had 3 spell levels left.
You knew the following spells:

 Your Spells              Type           Power      Damage    Failure   Level
a - Passage of Golubria   Tloc           64%        N/A       1%          4
c - Lesser Beckoning      Tloc           100%       N/A       1%          2
d - Passwall              Erth           32%        N/A       4%          3
f - Irradiate             Conj/Alch      30%        3d21      1%          5
n - Apportation           Tloc           100%       N/A       1%          1
s - Blink                 Tloc           100%       N/A       1%          2
x - Sticky Flame          Fire/Alch      59%        2d10      1%          4
y - Silence               Hex/Air        28%        N/A       2%          5
z - Vhi's Electric Charg  Tloc/Air       100%       N/A       1%          4
I - Eringya's Noxious Bo  Alch           39%        4d6       1%          6
O - Olgreb's Toxic Radia  Alch           79%        N/A       0%          4
P - Ignite Poison         Fire/Alch      59%        N/A       1%          4
U - Fugue of the Fallen   Necr           36%        N/A       3%          3

Your spell library contained the following spells:

 Spells                   Type           Power      Damage    Failure   Level
 Kiss of Death            Conj/Necr      100%       2d13      1%          1
 Magic Dart               Conj           100%       1d8       1%          1
 Necrotise                Necr           100%       1d9       1%          1
 Sandblast                Erth           64%        2d14      1%          1
 Shock                    Conj/Air       100%       1d9       1%          1
 Sting                    Conj/Alch      100%       1d9       1%          1
 Cigotuvi's Dreadful Rot  Necr/Alch/Air  100%       N/A       1%          2
 Ensorcelled Hibernation  Hex/Ice        76%        N/A       1%          2
 Jinxbite                 Hex            100%       N/A       1%          2
 Mercury Vapours          Alch/Air       100%       N/A       1%          2
 Momentum Strike          Conj/Tloc      100%       3d10      1%          2
 Static Discharge         Conj/Air       88%        3-7/arc   1%          2
 Confusing Touch          Hex            59%        N/A       1%          3
 Dazzling Flash           Conj/Hex       96%        N/A       1%          3
 Gell's Gravitas          Tloc           64%        N/A       1%          3
 Inner Flame              Hex/Fire       46%        N/A       1%          3
 Mephitic Cloud           Conj/Alch/Air  58%        N/A       1%          3
 Swiftness                Air            55%        N/A       1%          3
 Teleport Other           Tloc           64%        N/A       1%          3
 Tukima's Dance           Hex            59%        N/A       1%          3
 Volatile Blastmotes      Fire/Tloc      100%       2d18      1%          3
 Searing Ray              Conj           64%        2d6       2%          2
 Scorch                   Fire           56%        2d7       3%          2
 Vampiric Draining        Necr           36%        2d8       3%          3
 Stone Arrow              Conj/Erth      64%        3d11      4%          3
 Freeze                   Ice            48%        1d6       12%         1
 Summon Small Mammal      Summ           48%        N/A       12%         1
 Hailstorm                Conj/Ice       22%        3d7       13%         3
 Call Canine Familiar     Summ           12%        N/A       34%         3
 Ozocubu's Armour         Ice            12%        N/A       34%         3
 Summon Ice Beast         Ice/Summ       12%        N/A       34%         3
 Airstrike                Air            27%        2d(4-20)  1%          4
 Cause Fear               Hex            29%        N/A       1%          4
 Dimensional Bullseye     Hex/Tloc       30%        N/A       1%          4
 Fulminant Prism          Conj/Alch      30%        3d16      1%          4
 Iskenderun's Mystic Bla  Conj/Tloc      51%        2d11      1%          4
 Manifold Assault         Tloc           64%        N/A       1%          4
 Alistair's Intoxication  Alch           52%        N/A       1%          5
 Anguish                  Hex/Necr       25%        N/A       2%          4
 Dispersal                Tloc           32%        N/A       3%          6
 Dispel Undead            Necr           36%        3d15      10%         4
 Summon Lightning Spire   Summ/Air       34%        N/A       12%         4
 Arcjolt                  Conj/Air       22%        1d32      12%         5
 Brom's Barrelling Bould  Conj/Erth      32%        2d5       16%         4
 Flame Wave               Conj/Fire      30%        2d9       19%         4
 Sculpt Simulacrum        Ice/Alch       27%        N/A       21%         6
 Metabolic Englaciation   Hex/Ice        19%        N/A       22%         5
 Summon Mana Viper        Hex/Summ       38%        N/A       22%         5
 Curse of Agony           Necr           36%        N/A       28%         5
 Martyr's Knell           Necr/Summ      24%        N/A       34%         4
 Borgnjor's Vile Clutch   Necr/Erth      17%        N/A       34%         5
 Freezing Cloud           Conj/Ice/Air   16%        6-21      34%         5
 Iskenderun's Battlesphe  Conj           32%        2d8       38%         5
 Summon Blazeheart Golem  Fire/Summ      20%        N/A       45%         4
 Fireball                 Conj/Fire      15%        3d8       45%         5
 Death Channel            Necr           18%        N/A       83%         6
 Bombard                  Conj/Erth      16%        9d3       93%         6
 Discord                  Hex            29%        N/A       98%         8
 Malign Gateway           Summ/Tloc      21%        N/A       99%         7
 Summon Cactus Giant      Summ           6%         N/A       100%        6
 Haunt                    Necr/Summ      12%        N/A       100%        7
 Monstrous Menagerie      Summ           6%         N/A       100%        7
 Ozocubu's Refrigeration  Ice            6%         4d8       100%        7
 Spellforged Servitor     Conj/Summ      11%        N/A       100%        7
 Borgnjor's Revivificati  Necr           18%        N/A       100%        8
 Ignition                 Fire           14%        3d6       100%        8
 Infestation              Necr           18%        N/A       100%        8
 Lehudib's Crystal Spear  Conj/Erth      16%        10d5      100%        8
 Maxwell's Capacitive Co  Air            27%        ∞         100%        8
 Summon Horrible Things   Summ           6%         N/A       100%        8
 Death's Door             Necr           18%        N/A       100%        9
 Dragon's Call            Summ           6%         N/A       100%        9
 Fire Storm               Conj/Fire      15%        8d4       100%        9
 Polar Vortex             Ice            6%         N/A       100%        9
 Animate Dead             Necr           Unusable   N/A       N/A         4

Dungeon Overview and Level Annotations

Branches:
Dungeon (15/15)            Temple (1/1) D:6            Lair (5/5) D:10
  Swamp (4/4) Lair:2        Snake (4/4) Lair:3        Slime (5/5) Lair:5
    Orc (2/2) D:10            Elf (3/3) Orc:2        Vaults (5/5) D:13
  Crypt (3/3) Vaults:3       Tomb (3/3) Crypt:3      Depths (4/4) D:15
   Hell (visited)             Dis (7/7) Hell            Geh (7/7) Hell
    Coc (7/7) Hell            Tar (7/7) Hell            Zot (5/5) Depths:4
  IceCv (visited)         Desolation (visited)

Altars:
Ashenzari
Cheibriados
Dithmenos
Elyvilon
Fedhas
Gozag
Hepliaklqana
Kikubaaqudgha
Makhleb
Nemelex Xobeh
Okawaru
Qazlal
Ru
Sif Muna
Trog
Uskayaw
Vehumet
Wu Jian
Xom
Yredelemnul
Zin
The Shining One
Jiyva

Shops:
D:1 ?   D:3 [   D:4 [   D:9 ?*   D:15 [((=   Orc:2 (?:(   Elf:1 :   Elf:3 [[:
Vaults:2 ([[:=   Depths:1 [:   Depths:4 *[([

Portals:
Hell: Depths:1 Depths:2 Depths:3 Depths:4
Abyss: Depths:3 Depths:4
Pandemonium: Depths:2 Depths:3
Ziggurat: Depths:2
Trove: Elf:3 (give +6 ice dragon scales)

Annotations:
Vaults:1 4 exclusions
Geh:2 exclusion: hellion
Coc:7 1 exclusion
Tar:7 Serpent of Hell


Innate Abilities, Weirdness & Mutations

((You are very nimble when in or above water. (Stealth+, EV+, Speed+++)))
Your lower body shifts to a powerful aquatic tail in water.
You are agile. (Dex +4, Str/Int -1)
You possess an exceptional clarity of mind.
You have an increased reservoir of magic. (+10% MP)
You are covered in fur. (AC +1)


Message History

A rock wall.
This square is covered in magical glow.
You begin to meditate on the wall.
You continue meditating on the rock. x3
You finish merging with the rock.
Casting: Passwall (mildly dangerous; 4% risk of failure)
Confirm with . or Enter, or press ? or * to list all spells.
You blink.
Okay, then.
Unknown command.
Casting: Blink (safe; 1% risk of failure)
Confirm with . or Enter, or press ? or * to list all spells.
Aiming: Passwall (mildly dangerous; 4% risk of failure)
Press: ? - help, Dir - move target
There is no adjacent passable wall in that direction.
This square is covered in magical glow.
Okay, then.
You feel ready to blink again.
Casting: Passwall (mildly dangerous; 4% risk of failure)
Confirm with . or Enter, or press ? or * to list all spells.
Aiming: Passwall (mildly dangerous; 4% risk of failure)
Press: ? - help, Dir - move target A rock wall.
This square is covered in magical glow.
You begin to meditate on the wall.
You continue meditating on the rock. x2
You finish merging with the rock.
Casting: Passwall (mildly dangerous; 4% risk of failure)
Confirm with . or Enter, or press ? or * to list all spells.
Aiming: Passwall (mildly dangerous; 4% risk of failure)
Press: ? - help, Dir - move target A rock wall.
This square is covered in magical glow.
You begin to meditate on the wall.
You continue meditating on the rock. x4
You finish merging with the rock.
Unknown command.
Blink to where?
Press: ? - help, Dir - move target
As you read the scroll of blinking, it crumbles to dust.
There is a staircase leading out of the dungeon here.
You can't go down here!
You have escaped!

#.........########## #####......
#........###...(...###..÷..#.##.
#..............⌠.......#####....
######.####..⌠...⌠..#### ##PP.
#..# ##.......## #.P♣♣ ####
##..⌠..## #.♣♣P ##...## ##....
####...#### #.....
#######....@....#######.##.. ####
#.....................#.#... ...#
#..⌠....⌠.....⌠....⌠..###...
...###.....⌠....#....⌠..§..# #...
.....##..⌠....#####....⌠..####...
...#####....### ###....##...[[.
....## ##>### ###>####.....
.....############### ######.####
.............##.#..## #...# #


There were no monsters in sight!

Vanquished Creatures
  Cerebov (Pan)
  Antaeus (Coc:7)
  Dissolution (Slime:1)
  Asmodeus (Geh:7)
  the Royal Jelly (Slime:5)
  Ereshkigal (Tar:7)
  Lom Lobon (Pan)
  Mnoleg (Pan)
  Gloorx Vloq (Pan)
  6 dread liches
  5 ancient liches
  Dispater (Dis:7)
  Mennas (Depths:4)
  4 orbs of fire (Zot:5)
  A juggernaut (Dis:7)
  10 royal mummies
  Bai Suzhen (Depths:1)
  3 Killer Klowns (Zot:5)
  28 shard shrikes
  Parghit (Zot:1)
  Boris (thrice) (Depths:1 Depths:4 Tomb:2)
  Saint Roka (Snake:3)
  Vashnia (Snake:3)
  Margery (Depths:4)
  31 caustic shrikes
  The ghost of Sifibu the Fencer, a veteran CoWr of Gozag (Depths:3)
  A curse toe (Zot:5)
  Nikola (Swamp:3)
  Geryon (Hell)
  5 pandemonium lords (Pan)
  9 golden dragons
  14 bone dragons
  5 profane servitors
  14 Tzitzimimeh
  20 Brimstone Fiends
  13 iron giants
  15 hellephants
  A spectral shard shrike (Tar:5)
  9 tentacled monstrosities
  17 Hell Sentinels
  10 doom hounds
  A walking crystal tome (Depths:3)
  2 electric golems (Zot:5)
  2 liches
  16 Ice Fiends
  Jorgrun (Snake:2)
  22 Orb Guardians (Zot:5)
  7 tainted leviathans
  Asterion (Vaults:3)
  4 deep elf blademasters (Elf:3)
  8 quicksilver dragons
  19 acid blobs
  Mlioglotl (Snake:1)
  36 searing wretches
  Frances (Snake:1)
  2 deep elf master archers (Elf:3)
  3 walking frostbound tomes
  Murray (Hell)
  16 titans
  The ghost of 1lSu2w the Stormcaller, an adept OnAE of Sif Muna (D:14)
  3 death cobs
  16 sphinxes
  19 ancient champions
  Gastronok (Lair:3)
  Kirke (Lair:5)
  24 Executioners
  6 tentacled starspawn
  6 storm dragons
  8 shadow dragons
  10 nagarajas
  13 demonspawn warmongers (Pan)
  14 narguns
  6 tengu reavers
  4 draconian knights
  A daeva (Abyss:1)
  3 revenants
  11 protean progenitors
  7 deep elf sorcerers
  16 azure jellies
  10 rockslimes
  8 draconian monks
  A fenstrider witch (Pan)
  11 iron dragons (Dis:2)
  Aizul (Snake:2)
  2 emperor scorpions (Zot:1)
  13 fire giants
  3 quicksilver elementals
  2 shard shrike simulacra
  3 imperial myrmidons (Desolation)
  Louise (Snake:2)
  A draconian shifter (Zot:5)
  53 balrugs
  13 frost giants
  5 draconian scorchers
  2 spectral juggernauts
  3 deep elf elementalists
  3 ghost moths (Zot:5)
  18 vault wardens
  A draconian stormcaller (Zot:5)
  4 angels
  A caustic shrike zombie (Crypt:1)
  35 cacodemons
  A juggernaut zombie (Crypt:3)
  6 curse skulls
  10 ghouls
  26 reapers
  24 demonspawn blood saints (Pan)
  14 demonspawn corrupters (Pan)
  2 spectral caustic shrikes
  9 formless jellyfish
  17 stone giants
  7 draconian annihilators
  24 very ugly things
  26 ironbound preservers
  10 quicksilver oozes
  3 spriggan defenders
  An orc warlord (Vaults:1)
  13 demonspawn black suns (Pan)
  10 black draconians
  7 juggernaut skeletons
  11 ironbound thunderhulks
  3 spectral titans
  11 putrid mouths
  6 bennus
  17 green draconians
  9 red draconians
  4 caustic shrike skeletons (Pan)
  5 deep elf death magi
  8 deep elf demonologists
  6 vampire knights
  2 bunyips
  19 elemental wellsprings
  11 deep elf annihilators
  The ghost of keinz the Nimble, a journeyman GnGl of Yredelemnul (Lair:3)
  Azrael (Orc:2)
  2 eleionomae
  6 white draconians
  8 purple draconians
  19 wendigos
  17 war gargoyles
  20 lorocyprocas
  4 spark wasps (Depths:2)
  A spark wasp (shapeshifter) (Vaults:5)
  13 dire elephants
  A halazid warlock (Desolation)
  6 yellow draconians
  9 iron golems
  20 ettins
  11 eidola
  A spectral quicksilver dragon (Tar:4)
  A kraken zombie (Hell)
  22 blizzard demons
  18 green deaths (Pan)
  3 crystal guardians
  13 fire dragons
  11 deep elf high priests
  2 jiangshi (Crypt:1)
  A spectral iron giant (Tar:1)
  13 yaktaur captains
  24 mummy priests
  10 ragged hierophants (Desolation)
  37 vault guards
  6 peacekeepers
  5 juggernaut simulacra
  7 servants of whispers (Desolation)
  7 great orbs of eyes
  7 caustic shrike simulacra
  6 ogre magi
  4 spriggan zombies
  13 ice dragons
  Erolcha (D:12)
  4 hell beasts
  6 rakshasas
  A fenstrider witch zombie (Crypt:3)
  A salamander tyrant (Geh:1)
  18 hydras
  8 ironbound frosthearts
  8 spriggan air magi (Depths:2)
  Erica (Lair:1)
  A jorogumo (Pan)
  14 alligators
  6 boulder beetles
  8 centaur warriors
  2 radroaches (Zot:1)
  5 stokers
  A catoblepas (D:13)
  2 ghost crabs
  6 anacondas
  44 dancing weapons
  29 death scarabs
  5 death knights
  A merfolk aquamancer (Pan)
  17 two-headed ogres
  11 deep troll shamans
  5 deep troll earth magi
  24 hell hogs
  5 death yaks
  6 holy swine (Pan)
  14 demonic crawlers
  9 tengu warriors
  10 shock serpents
  19 hell knights
  12 naga sharpshooters
  Urug (Orc:2)
  3 thrashing horrors
  A titan zombie (Crypt:3)
  11 deep elf knights (Elf:2)
  2 storm dragon zombies (Crypt:3)
  87 sun demons
  4 spriggan berserkers
  14 naga warriors
  9 vampire magi
  46 soul eaters
  9 shadow wraiths
  36 sixfirhies
  11 crystal echidnas
  23 iron trolls
  2 spark wasp zombies (Depths:2)
  20 spriggans
  A salamander mystic (Snake:1)
  An emperor scorpion zombie (Crypt:1)
  2 skysharks (Vaults:1)
  4 hellephant skeletons (Pan)
  The ghost of stone111 the Carver, a novice CoWr (D:8)
  27 skeletal warriors
  7 wretched stars
  A storm dragon skeleton (Tomb:1)
  41 deep trolls
  3 quicksilver dragon simulacra
  6 sea snakes (Snake:4)
  7 goliath frogs
  8 glowing orange brains
  4 death drakes (Depths:4)
  11 swamp dragons
  2 bunyip zombies (Crypt:3)
  A spriggan druid (Swamp:2)
  21 shadow demons
  35 large abominations
  7 mana vipers
  9 sun moths (Pan)
  6 arcanists
  4 naga ritualists
  8 harpies
  2 orange crystal statues (IceCv)
  4 bog bodies
  12 lindwurms
  6 thermic dynamos
  A mana viper (shapeshifter) (Depths:3)
  6 flayed ghosts (Pan)
  20 ironbound convokers
  15 necromancers
  A lindwurm (shapeshifter) (Depths:1)
  7 orc knights
  20 deep elf zephyrmancers
  30 phantasmal warriors
  10 deep elf archers
  Pikel (D:4)
  A spectral ettin (Tar:5)
  An alligator zombie (Crypt:1)
  45 ugly things
  20 deep elf pyromancers
  2 anaconda skeletons
  2 stone giant zombies
  An orc sorcerer (Snake:3)
  A shadow dragon skeleton (Tomb:2)
  6 cyclopes
  A manticore (D:15)
  6 shining eyes
  6 salamanders
  2 wolf spiders (Crypt:3)
  11 will-o-the-wisps
  A sphinx simulacrum (Depths:2)
  A worldbinder (Abyss:1)
  A moth of wrath (shapeshifter) (Vaults:5)
  12 elephants
  An oklob plant (Lair:2)
  Maurice (Orc:2)
  9 moths of wrath
  4 meliai
  32 black mambas
  9 guardian serpents
  24 vault sentinels
  2 centaur zombies
  2 naga zombies (Crypt:3)
  6 rust devils (Pan)
  38 smoke demons
  A dire elephant zombie (Crypt:3)
  3 ice statues
  An eye of devastation (shapeshifter) (Vaults:5)
  5 titan simulacra
  5 eyes of devastation
  36 orange demons
  6 naga magi
  A water nymph (shapeshifter) (Vaults:5)
  2 gargoyles (D:12)
  6 torpor snails
  11 cane toads
  3 komodo dragons
  9 hellions
  4 rime drakes
  18 tormentors
  2 unseen horrors (D:12)
  19 yaktaurs
  Jeremiah (Lair:1)
  A spectral naga (Tar:2)
  10 ice devils
  A bunyip simulacrum (Coc:1)
  2 kobold demonologists (D:11)
  An alligator snapping turtle skeleton (Tomb:2)
  6 efreet
  Psyche (D:10)
  8 tengu conjurers
  7 anaconda simulacra
  22 freezing wraiths
  A minotaur skeleton (Crypt:2)
  A silent spectre (Tar:6)
  A red draconian skeleton (Crypt:1)
  10 ancient zymes
  3 harpy zombies
  49 guardian mummies
  A spectral harpy (Tar:2)
  A green draconian skeleton (Crypt:2)
  13 trolls
  4 hydra zombies
  2 sea snake zombies (Hell)
  A polar bear (shapeshifter) (Abyss:1)
  6 red devils (Pan)
  4 golden dragon simulacra
  A merfolk (shapeshifter) (Vaults:5)
  An alligator simulacrum (IceCv)
  28 hornets
  A queen bee (Lair:5)
  A tengu simulacrum (Depths:2)
  16 blink frogs
  58 saltlings (Desolation)
  9 tyrant leeches
  28 hellwings
  2 ettin zombies
  A harpy skeleton (Abyss:1)
  Grinder (D:4)
  12 raiju (Abyss:1)
  8 glass eyes
  A fire giant simulacrum (Depths:2)
  An iron dragon simulacrum (Coc:2)
  2 stone giant simulacra
  4 air elementals
  A dream sheep (shapeshifter) (Vaults:5)
  2 jumping spiders (Crypt:3)
  2 frost giant simulacra (Depths:2)
  119 slime creatures
  31 ynoxinuls
  5 shadows
  4 water elementals
  4 vampires
  8 dire elephant simulacra
  7 fire elementals
  59 yaks
  24 starcursed masses (Abyss:1)
  7 wyverns
  A basilisk (shapeshifter) (D:15)
  A centaur simulacrum (Crypt:1)
  A black mamba skeleton (Tomb:3)
  2 naga simulacra
  3 fire bats (Abyss:1)
  9 wraiths
  6 hogs (Lair:5)
  7 ushabtiu
  13 golden eyes
  2 redbacks (Crypt:3)
  19 humans (D:13)
  8 wargs
  3 spriggan simulacra
  20 chaos spawn
  2 steam dragons
  3 basilisks
  7 swamp worms
  19 neqoxecs
  12 harpy simulacra
  11 vampire mosquitoes
  A water nymph zombie (Crypt:2)
  34 nagas
  A skyshark zombie (Crypt:2)
  5 acid dragons
  12 water moccasins
  A faun skeleton (Crypt:2)
  5 hydra simulacra
  A fire bat skeleton (Crypt:1)
  A glowing shapeshifter skeleton (Crypt:2)
  6 hell hounds
  25 orc warriors
  23 laughing skulls
  2 lindwurm zombies (Crypt:1)
  9 swamp drakes
  3 black bears
  A swamp dragon zombie (Crypt:3)
  A sky beast (D:8)
  15 small abominations
  7 ettin simulacra
  11 wolves
  26 ogres
  9 boggarts (Vaults:1)
  18 centaurs
  4 lemures
  A phantom (D:4)
  A draconian zombie (Crypt:1)
  4 weeping skulls
  4 earth elementals
  6 kobold brigands
  6 brain worms
  Blork the orc (D:5)
  9 bullfrogs
  A wyvern zombie (Crypt:1)
  3 scorpions
  13 wights (Crypt:3)
  9 wyvern skeletons (Crypt:3)
  2 lindwurm simulacra (IceCv)
  29 killer bees
  2 howler monkeys
  An electric eel (Lair:1)
  4 lava snakes
  A human zombie (Crypt:1)
  6 quasits
  6 hounds
  13 orc priests
  Crazy Yiuf (D:2)
  A gnoll bouda (D:4)
  3 jellies
  3 iron imps (Abyss:1)
  7 hell rats
  2 human skeletons (Crypt:1)
  4 iguanas
  14 orc wizards
  A sleepcap (D:5)
  A black bear skeleton (Crypt:2)
  52 mummies
  3 gnolls (D:4)
  9 adders
  A shadow imp (D:7)
  5 white imps
  6 ufetubi
  A dart slug (D:3)
  56 orcs
  6 ball pythons
  9 bats
  8 endoplasms
  3 giant cockroaches
  12 goblins
  7 hobgoblins
  4 jackals (D:1)
  5 quokkas
  7 frilled lizards
  12 kobolds
  5 rats
  2 aspiring fleshes
  4 creeping infernos
  5 fire vortices
  A spectral weapon (Vaults:3)
  6 starspawn tentacles
4100 creatures vanquished.

Vanquished Creatures (collateral kills)
  Ignacio (Pan)
  A pandemonium lord (Pan)
  Norris (Vaults:1)
  A Brimstone Fiend (Pan)
  A hellephant (Hell)
  3 Orb Guardians (Zot:5)
  A shard shrike skeleton (Tomb:3)
  A fire giant (Vaults:5)
  2 balrugs (Pan)
  2 stone giants (Vaults:5)
  A war gargoyle (Dis:5)
  A deep elf annihilator (Vaults:5)
  A white draconian (Zot:5)
  A merfolk aquamancer (Pan)
  A stoker (Hell)
  5 death scarabs (Tomb:3)
  4 dancing weapons (Dis:5)
  A sun demon (Pan)
  A shadow demon (Pan)
  A skeletal warrior (Tomb:3)
  A shining eye (Slime:2)
  2 orange demons (Pan)
  An ice devil (Hell)
  3 guardian mummies (Tomb:3)
  A slime creature (Slime:2)
  A neqoxec (Pan)
40 creatures vanquished.

Vanquished Creatures (others)
  An Ice Fiend (Coc:7)
  An eldritch tentacle (Pan)
  A fire giant (Vaults:4)
  A ghost moth (Zot:5)
  A demonspawn blood saint (Pan)
  A black draconian (Depths:4)
  6 bennus (Tomb:3)
  A lorocyproca (Pan)
  A wendigo (Coc:7)
  2 green deaths (Pan)
  2 caustic shrike simulacra
  A rakshasa (Pan)
  A juggernaut simulacrum (Coc:7)
  A dancing weapon (Elf:2)
  A merfolk aquamancer (Pan)
  4 death scarabs (Tomb:3)
  A hell hog (Geh:2)
  A soul eater (Hell)
  4 spriggan simulacra
  A deep elf zephyrmancer (Elf:2)
  A will-o-the-wisp (Swamp:4)
  A bunyip simulacrum (Coc:1)
  2 orange demons
  A golden dragon simulacrum (Coc:7)
  An iron giant simulacrum (Coc:7)
  2 guardian mummies (Tomb:3)
  3 iron dragon simulacra
  2 dire elephant simulacra
  A chaos spawn (Pan)
  3 harpy simulacra
  2 swamp drakes (Swamp:4)
  2 hydra simulacra
  A deep troll simulacrum (Coc:1)
  A hound (D:5)
  An iguana (D:5)
  An adder (D:5)
  3 ball lightnings (Pan)
  2 creeping infernos
  3 fire vortices (Geh:5)
  51 foxfires
  4 starspawn tentacles (Abyss:1)
121 creatures vanquished.

Grand Total: 4261 creatures vanquished

Notes
Turn   | Place    | Note
-------+----------+-------------------------------------------
     0 | D:1      | Mumonspawn the Merfolk Alchemist began the quest for the
                  | Orb.
     0 | D:1      | Reached XP level 1. HP: 13/13 MP: 3/3
    64 | D:1      | Reached skill level 1 in Conjurations
    85 | D:1      | Reached XP level 2. HP: 5/19 MP: 0/5
   419 | D:1      | Found Veluint's Magic Scroll Boutique.
   828 | D:1      | Reached XP level 3. HP: 24/24 MP: 2/6
  1489 | D:2      | Learned a level 2 spell: Mercury Vapours
  1624 | D:2      | Found a shimmering altar of Xom.
  2180 | D:2      | Found a runed translucent door.
  2181 | D:2      | Noticed Crazy Yiuf
  2279 | D:3      | Reached XP level 4. HP: 25/30 MP: 0/8
  2846 | D:3      | Reached skill level 5 in Alchemy
  3256 | D:3      | Found Somev's Antique Armour Shop.
  3260 | D:3      | Bought a glowing cloak for 187 gold pieces
  3649 | D:4      | Reached skill level 1 in Evocations
  3661 | D:4      | Learned a level 4 spell: Olgreb's Toxic Radiance
  3690 | D:4      | Reached XP level 5. HP: 35/35 MP: 0/9
  3783 | D:4      | Found Xuitufaps's Antique Armour Shoppe.
  3786 | D:4      | Noticed Pikel
  3786 | D:4      | Noticed a lemure
  3786 | D:4      | Noticed a lemure
  3804 | D:4      | Noticed a lemure
  3806 | D:4      | Noticed a lemure
  3811 | D:3      | Killed a lemure
  3956 | D:4      | Noticed a black bear
  3967 | D:4      | Noticed a phantom
  3979 | D:3      | Killed a black bear
  3980 | D:3      | Reached XP level 6. HP: 19/41 MP: 0/11
  4477 | D:4      | Found a hide-covered altar of Uskayaw.
  4479 | D:4      | Noticed Grinder
  4479 | D:4      | Paralysed by Grinder for 2 turns
  4487 | D:4      | Killed Grinder
  4488 | D:4      | Reached XP level 7. HP: 31/46 MP: 6/13
  4610 | D:4      | Reached skill level 5 in Spellcasting
  5043 | D:4      | Found a shadowy altar of Dithmenos.
  5145 | D:5      | Entered Level 5 of the Dungeon
  5341 | D:5      | Noticed Blork the orc
  5349 | D:5      | Killed Blork the orc
  5350 | D:5      | Reached XP level 8. HP: 53/53 MP: 8/17
  5457 | D:5      | Found a shimmering altar of Xom.
  5462 | D:5      | Reached skill level 1 in Fighting
  5464 | D:5      | Reached skill level 1 in Armour
  5850 | D:5      | Learned a level 3 spell: Mephitic Cloud
  5855 | D:5      | Learned a level 4 spell: Sticky Flame
  6429 | D:6      | Found a staircase to the Ecumenical Temple.
  6438 | Temple   | Entered the Ecumenical Temple
  6469 | Temple   | Became a worshipper of Gozag Ym Sagoz the Greedy
  6624 | D:6      | Found a broken altar of Ashenzari.
  6624 | D:6      | Found a glowing golden altar of the Shining One.
  6690 | D:6      | Found a radiant altar of Vehumet.
  6712 | D:6      | Reached skill level 1 in Fire Magic
  6712 | D:6      | Reached skill level 1 in Air Magic
  7230 | D:6      | Reached skill level 1 in Throwing
  7419 | D:4      | Killed Pikel
  7420 | D:4      | Reached XP level 9. HP: 64/66 MP: 2/18
  7908 | D:7      | Found an iron altar of Okawaru.
  7908 | D:7      | Found a runed translucent door.
  7922 | D:7      | Found the +0 toga "Victory" {*Victory Clar}
  7963 | D:7      | Reached skill level 5 in Fighting
  8526 | D:8      | Found a bloodstained altar of Trog.
  8563 | D:8      | Reached skill level 10 in Alchemy
  8639 | D:8      | Noticed stone111's ghost (novice CoWr)
  8656 | D:8      | Found a transporter.
  8686 | D:8      | Reached XP level 10. HP: 69/76 MP: 10/19
  8687 | D:8      | Reached skill level 1 in Long Blades
  8834 | D:8      | Found a transporter.
  8859 | D:8      | Noticed a centaur warrior
  8871 | D:8      | Killed a centaur warrior
  8872 | D:8      | Reached skill level 5 in Dodging
  9039 | D:8      | Noticed a seven-headed hydra
  9039 | D:8      | Noticed a brown ugly thing
  9055 | D:8      | Killed a brown ugly thing
  9058 | D:8      | Killed a seven-headed hydra
  9059 | D:8      | Reached skill level 5 in Long Blades
  9059 | D:8      | Reached skill level 5 in Stealth
  9161 | D:8      | Noticed a red ugly thing
  9170 | D:8      | Killed a red ugly thing
  9389 | D:8      | Noticed a meliai
  9393 | D:8      | Killed a meliai
  9394 | D:8      | Reached XP level 11. HP: 81/81 MP: 11/20
  9404 | D:8      | Noticed a cyclops
  9414 | D:8      | Killed a cyclops
  9437 | D:8      | Noticed a boulder beetle
  9448 | D:8      | Killed a boulder beetle
 10263 | D:3      | Bought a pair of runed gloves for 187 gold pieces
 10492 | D:9      | Found a hazy altar of Hepliaklqana.
 10496 | D:9      | Found a basalt altar of Yredelemnul.
 10541 | D:9      | Found a white marble altar of Elyvilon.
 11069 | D:9      | Found Uqeumn's Magic Scroll Shop.
 11073 | D:9      | Bought a scroll of identify for 28 gold pieces
 11073 | D:9      | Bought a scroll of butterflies for 56 gold pieces
 11073 | D:9      | Bought a scroll of immolation for 56 gold pieces
 11237 | D:1      | Bought a scroll of blinking for 97 gold pieces
 11237 | D:1      | Bought a scroll of revelation for 97 gold pieces
 11237 | D:1      | Bought a scroll of poison for 52 gold pieces
 11453 | D:2      | Killed Crazy Yiuf
 11887 | D:9      | Found Kobenish's Assorted Antiques.
 11968 | D:9      | Bought a fizzy cyan potion for 28 gold pieces
 11968 | D:9      | Bought a bubbling clear potion for 28 gold pieces
 11968 | D:9      | Bought a scroll labelled MOHUR LAODIA for 32 gold pieces
 11968 | D:9      | Bought 3 scrolls labelled MOHUR LAODIA for 96 gold pieces
 12209 | D:10     | Entered Level 10 of the Dungeon
 12224 | D:10     | Noticed Psyche
 12232 | D:10     | Killed Psyche
 12468 | D:10     | Found a staircase to the Lair.
 12478 | D:10     | Found a staircase to the Orcish Mines.
 12902 | D:10     | Noticed a two-headed ogre
 12921 | D:10     | Reached XP level 12. HP: 92/92 MP: 7/21
 12926 | D:10     | Killed a two-headed ogre
 13353 | D:11     | Noticed a boulder beetle
 13361 | D:11     | Killed a boulder beetle
 13483 | D:11     | Reached skill level 10 in Long Blades
 13734 | D:11     | Reached skill level 10 in Dodging
 13762 | D:11     | Reached skill level 5 in Evocations
 14535 | Lair:1   | Entered Level 1 of the Lair of Beasts
 14535 | Lair:1   | Noticed Jeremiah
 14546 | Lair:1   | Killed Jeremiah
 14891 | Lair:1   | Noticed Erica
 14898 | Lair:1   | Killed Erica
 15206 | Lair:1   | Reached XP level 13. HP: 98/98 MP: 16/22
 16118 | Lair:2   | Identified the amulet of Ugocw {^Drain +Blink Regen+ Str+2}
 16175 | Lair:2   | Identified the +2 whip "Fut Edos" {drain, Str+5}
 16211 | Lair:2   | Found a shadowy altar of Dithmenos.
 16427 | Lair:2   | Found a staircase to the Swamp.
 16688 | Lair:2   | Found a blossoming altar of Fedhas.
 17104 | Lair:2   | Learned a level 5 spell: Irradiate
 17151 | Lair:3   | Reached skill level 10 in Fighting
 17422 | Lair:3   | Noticed Gastronok
 17433 | Lair:3   | Killed Gastronok
 17701 | Lair:3   | Found a runed translucent gate.
 17701 | Lair:3   | Found a runed translucent gate.
 17701 | Lair:3   | Found a runed translucent gate.
 17702 | Lair:3   | Noticed keinz's ghost (journeyman GnGl)
 17807 | Lair:3   | You fall into a shaft and drop 2 floors!
 17807 | Lair:5   | Entered Level 5 of the Lair of Beasts
 17976 | Lair:5   | Reached XP level 14. HP: 111/111 MP: 23/23
 18633 | Lair:5   | Identified the +7 sling of Dust {drain, rN+ Dex+3}
 19192 | Lair:5   | Found a viscous altar of Jiyva.
 19192 | Lair:5   | Found a staircase to the Slime Pits.
 19348 | Lair:5   | Noticed Kirke
 19364 | Lair:5   | Killed Kirke
 21365 | Lair:3   | Found a staircase to the Snake Pit.
 21491 | Lair:3   | Killed keinz's ghost
 21644 | D:8      | Killed stone111's ghost
 21883 | D:12     | Noticed Erolcha
 21891 | D:12     | Killed Erolcha
 22645 | D:12     | Identified the +5 long sword of the Scavenger {distort, rC+
                  | Str+3}
 22749 | D:13     | Reached XP level 15. HP: 120/120 MP: 20/26
 22784 | D:13     | Reached skill level 5 in Conjurations
 23167 | D:13     | Identified the +1 pair of gloves "Pulexest" {-Cast Will+
                  | Dex+2}
 23314 | D:13     | Found a gate to the Vaults.
 23640 | D:13     | Reached skill level 15 in Dodging
 24303 | D:14     | Found a runed translucent gate.
 24304 | D:14     | Found a runed translucent gate.
 24397 | D:14     | Found a runed translucent gate.
 24397 | D:14     | Noticed a tengu reaver
 24398 | D:14     | Noticed 1lSu2w's ghost (adept OnAE)
 25242 | D:15     | Entered Level 15 of the Dungeon
 25497 | D:15     | Found a burning altar of Makhleb.
 26132 | D:15     | Found a staircase to the Depths.
 26516 | Orc:1    | Entered Level 1 of the Orcish Mines
 26558 | Orc:2    | Entered Level 2 of the Orcish Mines
 26585 | Orc:2    | Found a staircase to the Elven Halls.
 26912 | Orc:2    | Noticed Azrael
 26924 | Orc:2    | Killed Azrael
 26929 | Orc:2    | Reached XP level 16. HP: 107/130 MP: 5/28
 26942 | Orc:2    | Reached skill level 15 in Long Blades
 27146 | Orc:2    | Found Loanog's Antique Weapon Shoppe.
 27146 | Orc:2    | Noticed Urug
 27174 | Orc:2    | Killed Urug
 27447 | Orc:2    | Found Pyggoti's Book Shop.
 27458 | Orc:2    | Found Iru Paijarr's Weapon Boutique.
 27459 | Orc:2    | Found Qehivenu's Magic Scroll Shop.
 27630 | Orc:2    | Noticed Maurice
 27639 | Orc:2    | Killed Maurice
 27729 | Orc:2    | Found a bloodstained altar of Trog.
 28590 | D:9      | Bought a fine scale mail for 288 gold pieces
 28590 | D:9      | Identified the +0 scale mail of the Little Devil {rPois}
                  | (You bought it in a shop on level 9 of the Dungeon)
 28590 | D:9      | Bought a tin of tremorstones (2/2) for 1280 gold pieces
 28809 | D:14     | Killed a tengu reaver
 28831 | D:14     | Killed 1lSu2w's ghost
 28989 | D:15     | Bought the ring of the Harvest {^Drain rElec rF+ rC+ Int+4
                  | Slay+4} for 2017 gold pieces
 29001 | D:15     | Bought a pair of heavily runed gloves for 294 gold pieces
 29001 | D:15     | Identified the +0 pair of gloves "Meil" {Dex+3} (You bought
                  | it in a shop on level 15 of the Dungeon)
 29001 | D:15     | Bought a pair of glowing gloves for 232 gold pieces
 29163 | Swamp:1  | Entered Level 1 of the Swamp
 29213 | Swamp:1  | Found the +8 orange crystal plate armour {Archmagi, Int+3
                  | Clar}
 31041 | Swamp:3  | Reached skill level 15 in Fighting
 31123 | Swamp:3  | Noticed Nikola
 31145 | Swamp:3  | Killed Nikola
 31146 | Swamp:3  | Reached XP level 17. HP: 139/142 MP: 3/29
 31509 | Swamp:4  | Entered Level 4 of the Swamp
 31882 | D:15     | Bought a ring of poison resistance for 380 gold pieces
 32408 | Swamp:4  | Got a decaying rune of Zot
 33072 | Snake:1  | Entered Level 1 of the Snake Pit
 33581 | Snake:1  | Noticed Frances
 33591 | Snake:1  | Killed Frances
 33601 | Snake:1  | Noticed Mlioglotl
 33607 | Snake:1  | Noticed a tentacled starspawn
 33610 | Snake:1  | Killed Mlioglotl
 34177 | Snake:2  | Identified the serpent talisman of the Vestibule of Hell
                  | {rN+ Str+2}
 34177 | Snake:2  | Noticed Aizul
 34188 | Snake:2  | Killed Aizul
 34329 | Snake:2  | Noticed Louise
 34338 | Snake:2  | Noticed Jorgrun
 34345 | Snake:2  | Killed Louise
 34356 | Snake:2  | Killed Jorgrun
 34590 | Snake:2  | Reached XP level 18. HP: 153/153 MP: 25/30
 34928 | Snake:3  | Noticed Vashnia
 35084 | Snake:3  | Reached skill level 10 in Evocations
 35123 | Snake:3  | Found a glacial archway.
 35147 | Snake:3  | Reached XP level 19. HP: 151/161 MP: 31/31
 35156 | IceCv    | Entered an ice cave
 36114 | Snake:3  | Noticed Saint Roka
 36128 | Snake:3  | Killed Saint Roka
 36883 | Snake:3  | Killed Vashnia
 37070 | Snake:4  | Entered Level 4 of the Snake Pit
 37077 | Snake:4  | Learned a level 3 spell: Fugue of the Fallen
 37082 | Snake:4  | Learned a level 4 spell: Passage of Golubria
 37176 | Snake:4  | Reached skill level 1 in Necromancy
 38681 | Snake:4  | Got a serpentine rune of Zot
 39339 | Elf:1    | Entered Level 1 of the Elven Halls
 39560 | Elf:1    | Found Xuffego's Book Shoppe.
 39566 | Elf:1    | Bought a manual of Alchemy for 1120 gold pieces
 39566 | Elf:1    | Bought the Grimoire of Decantation for 280 gold pieces
 39573 | Elf:1    | Learned a level 6 spell: Eringya's Noxious Bog
 39668 | Elf:1    | Reached XP level 20. HP: 116/170 MP: 19/32
 40799 | Elf:2    | Reached skill level 15 in Alchemy
 40931 | Elf:2    | Found a huge runed translucent gate.
 40931 | Elf:2    | Found a huge runed translucent gate.
 40931 | Elf:2    | Found a huge runed translucent gate.
 40931 | Elf:2    | Found a huge runed translucent gate.
 40933 | Elf:2    | Found a huge runed translucent gate.
 41099 | Elf:2    | Reached skill level 1 in Translocations
 42280 | Elf:3    | Entered Level 3 of the Elven Halls
 42289 | Elf:3    | Found a portal to a secret trove of treasure.
 42510 | Elf:3    | Found Yggo's Book Emporium.
 42613 | Elf:3    | Identified the blade talisman of Asceticism {rC- Str+3}
 42801 | Elf:3    | Noticed a Brimstone Fiend
 42826 | Elf:3    | Reached XP level 21. HP: 113/177 MP: 6/33
 42953 | Elf:3    | Identified the +5 great sword "Gram" {flame, +Blink SInv}
 43091 | Elf:3    | Identified the +10 shortbow of Eye-covered True Grit
                  | {flame, Fly rElec rF- Int+3}
 43098 | Elf:3    | Identified the +5 ring mail of Axoungio {Str+3}
 43106 | Elf:3    | Identified the ring of Xom's Capriciousness {rC+ Str+6
                  | Dex+4 Stlth+}
 43119 | Elf:3    | Got the Spellbook of Fermentation and Concussion
 43144 | Elf:3    | Identified the +3 ring mail of Okiphoon {rF+ Str+5}
 43149 | Elf:3    | Identified the +5 dagger of Qimn {freeze, *Rage +Blink
                  | Str+2 Stlth+}
 43201 | Elf:3    | Identified the staff of the Tooth {rPois rCorr Dex+3
                  | Alchemy}
 43209 | Elf:3    | Identified the +4 scale mail "Tysiget" {+Blink Fly}
 43628 | Elf:3    | Bought the +0 mask of the Dragon {Will+ Slay+3 SInv} for
                  | 901 gold pieces
 43628 | Elf:3    | Found the +0 mask of the Dragon {Will+ Slay+3 SInv}
 43701 | Orc:2    | Bought a scroll of enchant armour for 120 gold pieces
 43701 | Orc:2    | Bought a scroll of enchant armour for 120 gold pieces
 43701 | Orc:2    | Bought a scroll of fear for 64 gold pieces
 43701 | Orc:2    | Bought a scroll of fog for 64 gold pieces
 43701 | Orc:2    | Bought a scroll of fear for 64 gold pieces
 43867 | Vaults:1 | Entered Level 1 of the Vaults
 44199 | Vaults:1 | Found a glowing golden altar of the Shining One.
 44210 | Vaults:1 | Found a crumbling gateway.
 44227 | Vaults:1 | Found a glowing silver altar of Zin.
 44227 | Vaults:1 | Found a white marble altar of Elyvilon.
 44271 | Desolati | Entered the Desolation of Salt
 44517 | Desolati | Reached skill level 5 in Translocations
 44556 | Desolati | Identified the +8 glaive of Waoschun {drain, rF+ Str+6
                  | Int+2}
 44556 | Desolati | Identified the amulet "Pyaclid" {Faith rN+ Will+}
 44731 | Desolati | Identified the +0 war axe "Sicseh" {heavy, rF+ MP+9 SInv}
 44743 | Desolati | Got the Almanac of Elsewhere and the Throng
 44788 | Desolati | Reached skill level 5 in Necromancy
 44855 | Desolati | Got the Atlas of Kinetic Bodies
 44982 | Desolati | Got Naschinasch's Secrets of the Amalgamated Lungs
 46630 | Vaults:1 | Noticed Norris
 46648 | Vaults:1 | Killed Norris
 46649 | Vaults:1 | Reached XP level 22. HP: 68/186 MP: 6/35
 46927 | Vaults:1 | Learned a level 4 spell: Ignite Poison
 46929 | Vaults:1 | Learned a level 1 spell: Apportation
 46933 | Vaults:1 | Learned a level 3 spell: Passwall
 46993 | Vaults:2 | Found Vicwoym's Book Shoppe.
 47007 | Vaults:2 | Found Miagecs's Jewellery Shoppe.
 47200 | Vaults:2 | Found Nimehad's Armour Shop.
 47201 | Vaults:2 | Found Nulux's Armour Boutique.
 47369 | Vaults:2 | Reached skill level 1 in Earth Magic
 47395 | Vaults:2 | Reached skill level 10 in Stealth
 47586 | Vaults:2 | Identified the ring of Meutaot {Str+5 Dex+6 Stlth-}
 47587 | Vaults:2 | Identified the ring "Woklieff" {^Contam rElec rN+ Will++}
 47588 | Vaults:2 | Identified the +0 dagger "Gasegh" {freeze, ^Contam Fly
                  | Will- Str+3 Dex+3}
 47595 | Vaults:2 | Reached skill level 5 in Armour
 47623 | Vaults:2 | Identified the +2 scale mail "Jane" {rCorr}
 47813 | Vaults:2 | Found Tial's Antique Weapon Shoppe.
 48078 | Vaults:2 | Identified the +0 plate armour "Ditur" {Stlth+}
 48326 | Vaults:3 | Reached skill level 10 in Spellcasting
 48797 | Vaults:3 | Noticed Asterion
 48809 | Vaults:3 | Killed Asterion
 49499 | Vaults:3 | Found a staircase to the Crypt.
 49499 | Vaults:3 | Found a basalt altar of Yredelemnul.
 49500 | Vaults:3 | Found an ancient bone altar of Kikubaaqudgha.
 49678 | Vaults:3 | You fall into a shaft and drop 1 floor!
 50039 | Vaults:4 | Noticed an ancient lich
 50044 | Vaults:4 | Killed an ancient lich
 50045 | Vaults:4 | Reached skill level 5 in Throwing
 50125 | Vaults:4 | Identified the +5 scale mail of Rotation {rElec rF+ Slay-2}
 50524 | Vaults:4 | Reached XP level 23. HP: 170/194 MP: 20/37
 51287 | Vaults:5 | Entered Level 5 of the Vaults
 51400 | Vaults:5 | Noticed a golden dragon
 51420 | Vaults:5 | Killed a golden dragon
 52001 | Vaults:5 | Identified the +1 pair of gloves of Farfalle {Will+ MP+9
                  | Slay+2}
 52016 | Vaults:5 | Identified the +4 ring mail of the Vestibule of Hell {Will+
                  | Str+4}
 52046 | Vaults:5 | Identified the ring of Itean {AC+4 Int+4 Dex+3}
 52134 | Vaults:5 | Identified the +1 leather armour "Tepsausm" {rF+ Will+
                  | Str-3 Int+3}
 52142 | Vaults:5 | Noticed a dread lich
 52152 | Vaults:5 | Killed a dread lich
 52268 | Vaults:5 | Got a silver rune of Zot
 52360 | Vaults:5 | Noticed a golden dragon
 52374 | Vaults:5 | Killed a golden dragon
 52602 | Vaults:5 | Reached XP level 24. HP: 198/208 MP: 36/37
 52849 | Vaults:5 | Identified the staff of Departure {rF+ rC+ Will+ Str-4 Fire
                  | Ice}
 52896 | Vaults:5 | Got Sif Muna's Commentary on Turbulence
 52900 | Vaults:5 | Got Emom's Commentary on Metal and Ignition
 52902 | Vaults:5 | Identified the amulet of Mysticism {Spirit Dex+3 Slay+2
                  | SInv}
 52906 | Vaults:5 | Identified the serpent talisman of the Sailor {Str+6 Int-4}
 53323 | Vaults:5 | Reached skill level 10 in Armour
 53663 | Vaults:5 | Identified the staff of Foolhardiness {rF+ Dex+4 Fire}
 53668 | Vaults:5 | Identified the +7 orcbow of Ziocwuim {heavy, rPois rCorr
                  | Int-4}
 53669 | Vaults:5 | Identified the +1 ring mail "Jaxaegu" {rN++ Will+}
 53683 | Vaults:5 | Identified the +1 scale mail "Xeizxir" {Rampage Int+4 SInv}
 53686 | Vaults:5 | Identified the +3 leather armour of the Garden {-Tele rF+
                  | Will+ Dex+8}
 53689 | Vaults:5 | Identified the +1 battleaxe "Ovur" {chaos, rCorr}
 53703 | Vaults:5 | Identified the staff "Mumonspawn's Regret" {Will++ rCorr
                  | Dex+3 Stlth- Conj}
 53704 | Vaults:5 | Identified the +1 ring mail of Untruth {Will+ SInv}
 54783 | Depths:1 | Entered Level 1 of the Depths
 54836 | Depths:1 | Found a gateway to Hell.
 54853 | Depths:1 | Noticed Bai Suzhen
 54873 | Depths:1 | Killed Bai Suzhen
 54883 | Depths:1 | Identified the +3 robe of Henotheism {-Cast rElec rF+
                  | Dex+4}
 54883 | Depths:1 | Noticed Boris
 54896 | Depths:1 | Killed Boris
 55059 | Depths:1 | Found Qesch's Vocational Training.
 55301 | Depths:1 | Bought a manual of Evocations for 1600 gold pieces
 55330 | Depths:1 | Found Zezutas's Armour Shop.
 55568 | Depths:1 | Found a glowing golden altar of the Shining One.
 55858 | Depths:2 | Found a one-way gateway to a ziggurat.
 55885 | Depths:2 | Noticed an ancient lich
 55892 | Depths:2 | Killed an ancient lich
 56553 | Depths:2 | Reached XP level 25. HP: 207/217 MP: 37/37
 56665 | Depths:2 | Found a one-way gate leading to the halls of Pandemonium.
 56712 | Depths:2 | Noticed a shard shrike
 56730 | Depths:2 | Killed a shard shrike
 56917 | Depths:2 | Identified the staff of Athylog {^Fragile +Blink Will+ Conj
                  | Earth}
 57187 | Depths:2 | Identified the amulet "Ywecurou" {Spirit rPois rC+ Str+4}
 57354 | Depths:2 | Identified the +5 spear of Rubbish {holy, *Rage rC+ rN+
                  | Dex+4}
 57431 | Depths:3 | Found a runed translucent gate.
 57434 | Depths:3 | Found a runed translucent gate.
 57435 | Depths:3 | Found a runed translucent gate.
 57447 | Depths:3 | Noticed Sifibu's ghost (veteran CoWr)
 57678 | Depths:3 | Reached skill level 10 in Throwing
 57693 | Depths:3 | Reached skill level 15 in Stealth
 58000 | Depths:3 | Found a one-way gate to the infinite horrors of the Abyss.
 58984 | Depths:3 | Identified the +1 helmet "Xoxo" {Will+ rCorr MP-9}
 59040 | Depths:3 | Killed Sifibu's ghost
 59141 | Depths:4 | Entered Level 4 of the Depths
 59173 | Depths:4 | Noticed Mennas
 59190 | Depths:3 | HP: 8/204 [shadow dragon/bolt of negative energy (24)]
 59606 | Depths:3 | Found a one-way gate to the infinite horrors of the Abyss.
 60227 | Depths:4 | Found Goruecra's Assorted Antiques.
 60273 | Depths:4 | Reached skill level 5 in Earth Magic
 60274 | Depths:4 | Identified the +4 robe of the Skies Above {Str+4 Int+3}
 60274 | Depths:4 | Noticed Boris
 60280 | Depths:4 | Killed Boris
 60914 | Depths:4 | Killed Mennas
 60915 | Depths:4 | Reached XP level 26. HP: 135/224 MP: 38/38
 61104 | Depths:4 | Found Hiaqeqaru's Antique Weapon Emporium.
 61156 | Depths:4 | Noticed Margery
 61163 | Depths:4 | Killed Margery
 61713 | Depths:4 | Identified the staff of Siataor {rElec rPois rF+ Str-4
                  | Hexes Fire}
 61715 | Depths:4 | Identified the +8 chain mail "Pusipn" {rElec Int+4}
 61973 | Depths:4 | Identified the +11 glaive "Goblinslayer" {flame, *Slow rF+
                  | Int+3 Dex+2}
 62372 | Depths:4 | Found a gate to the Realm of Zot.
 62980 | Slime:1  | Entered Level 1 of the Pits of Slime
 63208 | Slime:2  | Noticed Dissolution
 63230 | Slime:2  | Gained mutation: Your health recovers twice as slowly from
                  | being drained. [a shining eye]
 64329 | Slime:1  | Killed Dissolution
 64381 | Slime:2  | Paralysed by a formless jellyfish for 1 turns
 65971 | Slime:5  | Entered Level 5 of the Pits of Slime
 66396 | Slime:5  | Found a viscous altar of Jiyva.
 66407 | Slime:5  | Noticed the Royal Jelly
 66585 | Slime:5  | Reached XP level 27. HP: 203/231 MP: 31/39
 67204 | Slime:5  | Killed the Royal Jelly
 67421 | Slime:5  | Identified the +0 ring mail of Poecekau {rN++ Int-5 Dex+3}
 67436 | Slime:5  | Identified the staff "Varos" {Fly rElec rN+ Necro}
 67438 | Slime:5  | Identified the +0 kite shield of the Flute {Will+}
 67480 | Slime:5  | Got a slimy rune of Zot
 67484 | Slime:5  | Identified the +1 morningstar of Mayhem {flame, rPois rF+
                  | rC+}
 67510 | Slime:5  | Identified the +7 trident of Inquiry {flame, rPois rF++
                  | rCorr Dex-4}
 67529 | Slime:5  | Got the Cyclopedia of Coordinates and Fascination
 67534 | Slime:5  | Identified the +3 chain mail of the Furies {*Corrode rElec
                  | rC+ Str+5}
 67535 | Slime:5  | Identified the ring "Xentiv" {rElec rF- rC+ SInv}
 67613 | Slime:4  | Gained mutation: Armour fits poorly on your strangely
                  | shaped body. [a shining eye]
 69056 | Crypt:1  | Entered Level 1 of the Crypt
 69507 | D:4      | Bought shiny pearl dragon scales for 2042 gold pieces
 71210 | Crypt:2  | Identified a scroll of acquirement
 71247 | Crypt:2  | Acquired the scarf of Misanthropy {rC+ rF+, ^Contam rElec
                  | Regen+ rCorr}
 71498 | Crypt:2  | Reached skill level 1 in Hexes
 71501 | Crypt:2  | Reached skill level 15 in Throwing
 71806 | Crypt:3  | Entered Level 3 of the Crypt
 72129 | Crypt:3  | Found a basalt altar of Yredelemnul.
 72385 | Crypt:3  | Found the +2 hood of the Assassin {Detect Stab+ Stlth++}
 72411 | Crypt:3  | Got the Vellum of the Autopsy
 72666 | Crypt:3  | Identified the +0 robe of Lethargy {rPois Str+4}
 73115 | Crypt:3  | Found a staircase to the Tomb.
 73504 | Crypt:3  | Reached skill level 15 in Evocations
 73560 | Crypt:3  | Reached skill level 15 in Armour
 73566 | Crypt:3  | Identified the +2 broad axe "Nysoh" {venom, +Blink Fly
                  | MP+9}
 74049 | Depths:2 | Learned a level 2 spell: Blink
 74252 | D:9      | Bought a scroll of immolation for 56 gold pieces
 74416 | D:1      | Bought a scroll of blinking for 97 gold pieces
 74848 | Depths:4 | Bought a +2 pair of boots of flying for 215 gold pieces
 74851 | Depths:4 | Bought a pair of distressingly furry boots for 199 gold
                  | pieces
 74851 | Depths:4 | Identified the +0 pair of boots "Xeakatsi" {Dex+6} (You
                  | bought it in a shop on level 4 of the Depths)
 74866 | Depths:4 | Bought a scroll of vulnerability for 104 gold pieces
 74866 | Depths:4 | Bought a potion of curing for 78 gold pieces
 74869 | Depths:4 | Bought a potion of might for 52 gold pieces
 74869 | Depths:4 | Bought a potion of heal wounds for 65 gold pieces
 74869 | Depths:4 | Bought a potion of heal wounds for 65 gold pieces
 74869 | Depths:4 | Bought 2 potions of haste for 260 gold pieces
 74869 | Depths:4 | Bought 2 potions of mutation for 208 gold pieces
 74869 | Depths:4 | Bought a potion of heal wounds for 65 gold pieces
 76172 | Orc:2    | Bought a scroll of amnesia for 64 gold pieces
 76176 | Orc:2    | Learned a level 2 spell: Lesser Beckoning
 76176 | Orc:2    | Lost mutation: Armour fits poorly on your strangely shaped
                  | body. [potion of mutation]
 76176 | Orc:2    | Lost mutation: Your health recovers twice as slowly from
                  | being drained. [potion of mutation]
 76176 | Orc:2    | Gained mutation: You expend magic power (3 MP) to
                  | strengthen your wands. [potion of mutation]
 76176 | Orc:2    | Gained mutation: Your muscles are strong. (Str +4, Int/Dex
                  | -1) [potion of mutation]
 76432 | Pan      | Entered Pandemonium
 76502 | Pan      | Learned a level 4 spell: Vhi's Electric Charge
 77454 | Pan      | Noticed Pauczet the pandemonium lord
 77489 | Pan      | Killed Pauczet the pandemonium lord
 77550 | Pan      | Identified the +3 orcbow of Excruciating Pain {heavy, Int-5
                  | Dex+8}
 77705 | Pan      | Noticed Apseiw the pandemonium lord
 77706 | Pan      | Reached skill level 5 in Air Magic
 77712 | Pan      | Killed Apseiw the pandemonium lord
 78009 | Pan      | Identified the +0 chain mail of Hide-and-Seek {rF+ Slay+2
                  | Stlth-}
 78121 | Pan      | Reached skill level 10 in Translocations
 78383 | Pan      | Identified the +5 scale mail of Autotheism {Will+}
 78607 | Pan      | Gained mutation: You are vulnerable to heat. (rF-) [a
                  | neqoxec]
 78974 | Pan      | Found a transporter.
 79086 | Pan      | Found an exit through the horrors of the Abyss.
 79247 | Pan      | Found a transporter.
 79469 | Pan      | Identified the staff "Dicw" {rElec rF+ Str-3 Dex+5 Tloc
                  | Fire}
 79470 | Pan      | Identified the ring of the Firefly {Fly rF+ rC+ Will+}
 79475 | Pan      | Identified the ring "Taoraekk" {Fire MP-9 Dex+4 SInv
                  | Stlth+}
 79509 | Pan      | Entered the realm of Mnoleg.
 79658 | Pan      | Gained mutation: Your magical capacity is low. (-10% MP) [a
                  | cacodemon]
 79871 | Pan      | Lost mutation: Your muscles are strong. (Str +4, Int/Dex
                  | -1) [a cacodemon]
 80315 | Pan      | Noticed Mnoleg
 80348 | Pan      | Killed Mnoleg
 80367 | Pan      | Gained mutation: You sometimes lose your temper in combat.
                  | [a cacodemon]
 80540 | Pan      | Lost mutation: You are vulnerable to heat. (rF-) [potion of
                  | mutation]
 80540 | Pan      | Lost mutation: You sometimes lose your temper in combat.
                  | [potion of mutation]
 80540 | Pan      | Lost mutation: Your magical capacity is low. (-10% MP)
                  | [potion of mutation]
 80540 | Pan      | Gained mutation: Your mind is acute. (Int +4, Str/Dex -1)
                  | [potion of mutation]
 80540 | Pan      | Gained mutation: You have a pair of small horns on your
                  | head. [potion of mutation]
 80701 | Pan      | Got a glowing rune of Zot
 81051 | Pan      | Noticed Hawuc the pandemonium lord
 81071 | Pan      | Killed Hawuc the pandemonium lord
 81715 | Pan      | Gained mutation: You sometimes lose your temper in combat.
                  | [a neqoxec]
 81790 | Pan      | Lost mutation: You sometimes lose your temper in combat.
                  | [potion of mutation]
 81790 | Pan      | Lost mutation: You expend magic power (3 MP) to strengthen
                  | your wands. [potion of mutation]
 81790 | Pan      | Gained mutation: Armour fits poorly on your strangely
                  | shaped body. [potion of mutation]
 82236 | Pan      | Got a demonic rune of Zot
 82535 | Pan      | Noticed Ruts the pandemonium lord
 82782 | Pan      | Killed Ruts the pandemonium lord
 83073 | Pan      | Found an exit through the horrors of the Abyss.
 83118 | Pan      | Found a runed translucent door.
 83125 | Pan      | Found a runed translucent door.
 83134 | Pan      | Found a runed translucent door.
 83200 | Pan      | Noticed Ignacio
 83214 | Pan      | Killed Ignacio
 83553 | Pan      | Identified the +3 flail "Laifeza" {venom, Str+3}
 83815 | Pan      | Noticed Peoth the pandemonium lord
 83823 | Pan      | Killed Peoth the pandemonium lord
 84033 | Pan      | Identified the +4 scale mail of Entitlement {Dex+6}
 84382 | Pan      | Gained mutation: You are frail. (-10% HP) [a cacodemon]
 84678 | Pan      | Gained mutation: Your body sometimes deteriorates upon
                  | taking damage. [a cacodemon]
 85113 | Pan      | Gained mutation: Your spells are a little easier to cast,
                  | but a little less powerful. [a cacodemon]
 85297 | Pan      | Entered the realm of Gloorx Vloq.
 86253 | Pan      | Noticed Gloorx Vloq
 86262 | Pan      | Killed Gloorx Vloq
 86475 | Pan      | Got a dark rune of Zot
 86605 | Pan      | Entered the realm of Lom Lobon.
 86624 | Pan      | Noticed Lom Lobon
 86653 | Pan      | Killed Lom Lobon
 86848 | Pan      | Got a magical rune of Zot
 87743 | Pan      | Entered the realm of Cerebov.
 87859 | Pan      | Found the +6 sword of Cerebov {flame}
 87859 | Pan      | Noticed Cerebov
 88071 | Pan      | Killed Cerebov
 88152 | Pan      | Got Lom Lobon's Opusculum on Synthesized Concussion
 88158 | Pan      | Got Xaesiruu's Omnibus of the Angular Blizzard
 88159 | Pan      | Identified the +6 battleaxe "Stringbean" {antimagic, *Rage
                  | rF+ Str+6}
 88163 | Pan      | Identified the +1 robe of Zulonlot {+Inv rPois rC+ Will-}
 88196 | Pan      | Got a fiery rune of Zot
 88199 | Pan      | Identified the +8 flail of the Antique God {protect, ^Drain
                  | rPois Int+2 Dex+5}
 88199 | Pan      | Identified the ring of Dimpey {rF++ Dex+6}
 88288 | Pan      | Identified the staff of Division {Str+3 Conj}
 88291 | Pan      | Identified the +7 hand axe of the Spinneret {heavy, rCorr
                  | Str+2}
 88531 | Pan      | Identified the +1 dagger of Fos Lun {freeze, Dex+4}
 88543 | Pan      | Identified the +7 orcbow of Pobo {drain, Will++}
 88625 | Pan      | Identified the +2 chain mail "Upniq" {rCorr}
 88694 | Pan      | Identified the +7 scimitar of Weptylli {speed, rF+ Str+3
                  | Dex+3}
 88990 | Pan      | Noticed Dasiwn the pandemonium lord
 89027 | Pan      | Killed Dasiwn the pandemonium lord
 89627 | Pan      | Gained mutation: You are occasionally teleported next to
                  | monsters. [a cacodemon]
 89657 | Pan      | Found an exit through the horrors of the Abyss.
 89669 | Pan      | Took an exit into the Abyss.
 89669 | Abyss:1  | Escaped into the Abyss
 89747 | Abyss:1  | Found a corrupted altar of Lugonu.
 89926 | Abyss:1  | Found a corrupted altar of Lugonu.
 90212 | Abyss:1  | Reached skill level 5 in Hexes
 90655 | Abyss:1  | Gained mutation: Your spells are easier to cast, but less
                  | powerful. [a neqoxec]
 90690 | Abyss:1  | Found a corrupted altar of Lugonu.
 90709 | Abyss:1  | Found a corrupted altar of Lugonu.
 90939 | Abyss:1  | Found a corrupted altar of Lugonu.
 90955 | Abyss:1  | Found a corrupted altar of Lugonu.
 91653 | Abyss:3  | Found a corrupted altar of Lugonu.
 91660 | Abyss:3  | Found a corrupted altar of Lugonu.
 91723 | Abyss:3  | Found a corrupted altar of Lugonu.
 91730 | Abyss:3  | Got an abyssal rune of Zot
 91737 | Depths:2 | Escaped the Abyss
 91827 | Depths:2 | Lost mutation: Armour fits poorly on your strangely shaped
                  | body. [potion of mutation]
 91827 | Depths:2 | Lost mutation: You are frail. (-10% HP) [potion of
                  | mutation]
 91827 | Depths:2 | Lost mutation: You are occasionally teleported next to
                  | monsters. [potion of mutation]
 91827 | Depths:2 | Gained mutation: You are partially covered in iridescent
                  | scales. (AC +2) [potion of mutation]
 91828 | Depths:2 | Lost mutation: Your spells are easier to cast, but less
                  | powerful. [potion of mutation]
 91828 | Depths:2 | Lost mutation: Your mind is acute. (Int +4, Str/Dex -1)
                  | [potion of mutation]
 91828 | Depths:2 | Lost mutation: You are partially covered in iridescent
                  | scales. (AC +2) [potion of mutation]
 91829 | Depths:2 | Lost mutation: Your spells are a little easier to cast, but
                  | a little less powerful. [potion of mutation]
 91829 | Depths:2 | Lost mutation: Your body sometimes deteriorates upon taking
                  | damage. [potion of mutation]
 91829 | Depths:2 | Lost mutation: You have a pair of small horns on your head.
                  | [potion of mutation]
 91829 | Depths:2 | Gained mutation: Your spells are a little harder to cast,
                  | but a little more powerful. [potion of mutation]
 91829 | Depths:2 | Gained mutation: You are frail. (-10% HP) [potion of
                  | mutation]
 91829 | Depths:2 | Gained mutation: Your body sometimes deteriorates upon
                  | taking damage. [potion of mutation]
 91829 | Depths:2 | Gained mutation: Your muscles are strong. (Str +4, Int/Dex
                  | -1) [potion of mutation]
 91830 | Depths:2 | Lost mutation: Your spells are a little harder to cast, but
                  | a little more powerful. [potion of mutation]
 91830 | Depths:2 | Lost mutation: Your body sometimes deteriorates upon taking
                  | damage. [potion of mutation]
 91830 | Depths:2 | Lost mutation: You are frail. (-10% HP) [potion of
                  | mutation]
 91830 | Depths:2 | Gained mutation: Your spells are a little harder to cast,
                  | but a little more powerful. [potion of mutation]
 91831 | Depths:2 | Lost mutation: Your muscles are strong. (Str +4, Int/Dex
                  | -1) [potion of mutation]
 91831 | Depths:2 | Lost mutation: Your spells are a little harder to cast, but
                  | a little more powerful. [potion of mutation]
 91831 | Depths:2 | Gained mutation: You occasionally lose the ability to drink
                  | potions when taking damage. [potion of mutation]
 91831 | Depths:2 | Gained mutation: You are agile. (Dex +4, Str/Int -1)
                  | [potion of mutation]
 91832 | Depths:2 | Lost mutation: You are agile. (Dex +4, Str/Int -1) [potion
                  | of mutation]
 91832 | Depths:2 | Lost mutation: You occasionally lose the ability to drink
                  | potions when taking damage. [potion of mutation]
 91832 | Depths:2 | Gained mutation: You have hidden genetic potential. [potion
                  | of mutation]
 91832 | Depths:2 | Gained mutation: You are frail. (-10% HP) [potion of
                  | mutation]
 91832 | Depths:2 | Gained mutation: You have an increased reservoir of magic.
                  | (+10% MP) [potion of mutation]
 91833 | Depths:2 | Lost mutation: You are frail. (-10% HP) [potion of
                  | mutation]
 91833 | Depths:2 | Lost mutation: You have an increased reservoir of magic.
                  | (+10% MP) [potion of mutation]
 91833 | Depths:2 | Lost mutation: You have hidden genetic potential. [potion
                  | of mutation]
 91833 | Depths:2 | Gained mutation: Your magical capacity is low. (-10% MP)
                  | [potion of mutation]
 91833 | Depths:2 | Gained mutation: You are covered in fur. (AC +1) [potion of
                  | mutation]
 91833 | Depths:2 | Gained mutation: You are partially covered in iridescent
                  | scales. (AC +2) [potion of mutation]
 91834 | Depths:2 | Lost mutation: Your magical capacity is low. (-10% MP)
                  | [potion of mutation]
 91834 | Depths:2 | Lost mutation: You are partially covered in iridescent
                  | scales. (AC +2) [potion of mutation]
 91834 | Depths:2 | Gained mutation: You are agile. (Dex +4, Str/Int -1)
                  | [potion of mutation]
 91875 | Hell     | Entered the Vestibule of Hell
 91875 | Hell     | Noticed Geryon
 91887 | Hell     | Killed Geryon
 91887 | Hell     | Gained mutation: You possess an exceptional clarity of
                  | mind. [a cacodemon]
 92087 | Hell     | Noticed Murray
 92094 | Hell     | Killed Murray
 92470 | Hell     | Found a gateway to the freezing wastes of Cocytus.
 92535 | Hell     | Found a gateway to the Iron City of Dis.
 92571 | Dis:1    | Entered Level 1 of the Iron City of Dis
 93905 | Dis:7    | Entered Level 7 of the Iron City of Dis
 95333 | Dis:7    | Noticed a juggernaut
 95340 | Dis:7    | Killed a juggernaut
 95344 | Dis:7    | Noticed Dispater
 95356 | Dis:7    | Killed Dispater
 95375 | Dis:7    | Found the +3 greatsling "Punk" {acid, rCorr}
 95401 | Dis:7    | Got an iron rune of Zot
 95612 | Hell     | Found a gateway to the ashen valley of Gehenna.
 95694 | Hell     | Found a gateway to the decaying netherworld of Tartarus.
 95860 | Tar:1    | Entered Level 1 of Tartarus
 96039 | Tar:1    | Noticed a dread lich
 96053 | Tar:1    | Killed a dread lich
 96982 | Tar:7    | Entered Level 7 of Tartarus
 97270 | Tar:7    | Noticed a dread lich
 97273 | Tar:7    | Paralysed by a dread lich for 5 turns
 97274 | Tar:7    | Noticed an ancient lich
 97283 | Tar:7    | Killed a dread lich
 97287 | Tar:7    | Killed an ancient lich
 97447 | Tar:7    | Identified the staff of Arbitration {rElec rF+ rC+ rCorr
                  | Str+2 Fire}
 97448 | Tar:7    | Identified the +4 rapier "Voly" {holy, rElec rF- Str+2
                  | Int+3}
 97473 | Tar:7    | Noticed the Serpent of Hell
 97777 | Tar:7    | Noticed Ereshkigal
 97825 | Tar:7    | Killed Ereshkigal
 97868 | Tar:7    | Got a bone rune of Zot
 98030 | Coc:1    | Entered Level 1 of Cocytus
 98093 | Coc:1    | Paralysed by a wendigo for 1 turns
 98635 | Coc:3    | Paralysed by a wendigo for 1 turns
 98702 | Coc:3    | Paralysed by a wendigo for 1 turns
 98970 | Coc:4    | Noticed an ancient lich
 99540 | Coc:7    | Entered Level 7 of Cocytus
 99551 | Coc:7    | Paralysed by a wendigo for 1 turns
 99625 | Coc:7    | Reached skill level 15 in Translocations
 99953 | Coc:7    | Paralysed by a wendigo for 1 turns
 99965 | Coc:7    | Paralysed by a wendigo for 1 turns
100097 | Coc:7    | Paralysed by a wendigo for 1 turns
100116 | Coc:7    | Paralysed by a wendigo for 1 turns
100137 | Coc:7    | Paralysed by a wendigo for 1 turns
100159 | Coc:7    | Paralysed by a wendigo for 1 turns
100167 | Coc:7    | Paralysed by a wendigo for 1 turns
100824 | Coc:7    | Paralysed by a wendigo for 1 turns
101111 | Coc:7    | Identified the ring "Salug" {rPois rC+ Dex+2}
101111 | Coc:7    | Noticed Antaeus
101135 | Coc:7    | Killed Antaeus
101327 | Coc:7    | Identified the +0 pair of boots of Satisfaction {Fly
                  | Regen+}
101403 | Coc:7    | Got an icy rune of Zot
101410 | Coc:7    | Got the Enchiridion on Unholy Spells and Imprecation
101451 | Coc:7    | Identified the +5 ring mail of Birdsong {rF++ Dex+4}
101673 | Geh:1    | Entered Level 1 of Gehenna
102638 | Geh:5    | Reached skill level 10 in Hexes
103173 | Geh:7    | Entered Level 7 of Gehenna
103371 | Geh:7    | Reached skill level 10 in Air Magic
103740 | Geh:7    | Identified the +11 broad axe "Hadiuk" {speed, rElec rPois
                  | rF++ Str-4}
103802 | Geh:7    | Found the +13 sceptre of Asmodeus
103802 | Geh:7    | Noticed Asmodeus
103821 | Geh:7    | Killed Asmodeus
103894 | Geh:7    | Got an obsidian rune of Zot
103969 | Geh:7    | Identified the amulet "Roosiali" {Faith rN+ Dex+5}
104164 | Hell     | Learned a level 5 spell: Silence
104586 | Tomb:1   | Entered Level 1 of the Tomb of the Ancients
104960 | Tomb:1   | Noticed a royal mummy
105008 | Tomb:1   | Killed a royal mummy
105533 | Tomb:1   | Noticed a royal mummy
105548 | Tomb:1   | Killed a royal mummy
105717 | Tomb:1   | Identified the +5 quarterstaff "Fios" {holy, *Slow rPois
                  | Will+ Int+3}
105859 | Tomb:2   | Identified the +3 robe of Modesty {rN+ Str-2 Int+6
                  | Archmagi}
105859 | Tomb:2   | Noticed Boris
105866 | Tomb:2   | Killed Boris
105872 | Tomb:2   | Noticed a royal mummy
105884 | Tomb:2   | Killed a royal mummy
105887 | Tomb:2   | Noticed a royal mummy
105897 | Tomb:2   | Killed a royal mummy
106087 | Tomb:2   | Noticed a royal mummy
106098 | Tomb:2   | Killed a royal mummy
106099 | Tomb:2   | Noticed a royal mummy
106202 | Tomb:2   | Killed a royal mummy
106901 | Tomb:3   | Entered Level 3 of the Tomb of the Ancients
106911 | Tomb:3   | Found the +8 frozen axe "Frostbite" {freeze, freezing
                  | cloud, *Noise Fly rC+}
106985 | Tomb:3   | Noticed a royal mummy
106997 | Tomb:3   | Noticed a royal mummy
106997 | Tomb:3   | Noticed a royal mummy
106998 | Tomb:3   | Noticed a royal mummy
107002 | Tomb:3   | Killed a royal mummy
107151 | Tomb:3   | Noticed a royal mummy
107151 | Tomb:3   | Noticed a royal mummy
107153 | Tomb:3   | Noticed a royal mummy
107153 | Tomb:3   | Noticed a royal mummy
107156 | Tomb:3   | Got a golden rune of Zot
107198 | Tomb:3   | Killed a royal mummy
107212 | Tomb:3   | Identified the +1 leather armour of Giapn {rF++ rCorr Str-3
                  | Dex+4}
107232 | Tomb:3   | Killed a royal mummy
107237 | Tomb:3   | Noticed a royal mummy
107250 | Tomb:3   | Killed a royal mummy
108153 | Zot:1    | Entered Level 1 of the Realm of Zot
108334 | Zot:1    | Noticed Parghit
108345 | Zot:1    | Killed Parghit
109108 | Zot:5    | Entered Level 5 of the Realm of Zot
109895 | Zot:5    | Noticed an orb of fire
109898 | Zot:5    | Noticed an orb of fire
109899 | Zot:5    | Noticed an orb of fire
109906 | Zot:5    | Killed an orb of fire
109913 | Zot:5    | Killed an orb of fire
109915 | Zot:5    | Gained mutation: You have an increased reservoir of magic.
                  | (+10% MP) [an orb of fire]
109918 | Zot:5    | Killed an orb of fire
109927 | Zot:5    | Identified the amulet "Xoocysus" {Acrobat ^Fragile rC+
                  | Will+ rCorr}
109930 | Zot:5    | Noticed an ancient lich
109937 | Zot:5    | Noticed an ancient lich
109939 | Zot:5    | Noticed a dread lich
109942 | Zot:5    | Killed an ancient lich
109955 | Zot:5    | Noticed an orb of fire
109964 | Zot:5    | Killed an ancient lich
109965 | Zot:5    | Noticed a dread lich
109976 | Zot:5    | Killed an orb of fire
109992 | Zot:5    | Killed a dread lich
109994 | Zot:5    | Killed a dread lich
110217 | Zot:5    | Noticed a dread lich
110233 | Zot:5    | Killed a dread lich
110562 | Zot:5    | Got the Orb of Zot
111188 | D:$      | Escaped with the Orb!

Illustrated notes

Levels and vault maps discovered:
D:1:      dpeg_arrival_leaves_temple_mockup, layout_rooms, serial_forest,
          infiniplex_forest_clump_cross, infiniplex_forest_clump_diagonal,
          infiniplex_forest_corner_2, infiniplex_forest_split,
          infiniplex_forest_clump_curved, infiniplex_forest_clump_cross,
          infiniplex_forest_end_3, serial_shops, shop, minivault_27,
          chequers_jeans
D:2:      layout_basic, basic_altar, uniq_crazy_yiuf_cottage
D:3:      cheibrodos_greedy_goblins, layout_basic, serial_shops,
          nicolae_shop_back_alley_shop
D:4:      layout_cave_pools, nicolae_dithmenos_the_darkroom, kennysheep_mini,
          serial_shops, shop, uniq_grinder, uniq_pikel
D:5:      layout_loops_ring, xom_confusion_cloud, uniq_blork_the_orc
D:6:      layout_loops_corners, amcnicky_altar_gilded,
          nicolae_overflow_two_pavilions, minmay_temple_entry_antechambers
D:7:      layout_loops_ring, nicolae_overflow_guarded_unrand_okawaru_victory,
          grunt_decor_one_mirror
D:8:      layout_cave_pools, mainiacjoe_overflow_surrounded_room,
          gammafunk_ghost_stat_death, minmay_shattered_shrine
D:9:      layout_long_grid, lemuel_round_altar, nzn_hepliaklqana_mist_gate,
          elyvilon_altar_1, serial_shops, nicolae_shop_rolling_square,
          nicolae_shop_back_alley_shop, kennysheep_generic_room_13
D:10:     layout_roguey, lair_entry_dummy, david_orc_2, uniq_psyche
D:11:     layout_big_octagon
D:12:     layout_roguey, uniq_erolcha
D:13:     layout_gridville, grunt_vaults_entry_tiered
D:14:     layout_basic, gammafunk_ghost_split, serial_park_gazebo
          [serial_park_minivault_5x5_6]
D:15:     grunt_enter_depths_snipers, layout_basic, bloody_makhleb
Temple:   nicolae_temple_bog_church
Lair:1:   layout_roguey, serial_bayou_shore_a, uniq_jeremiah, uniq_erica
Lair:2:   layout_long_grid, mainiacjoe_swamp_entry_lozenge_pond, basic_altar,
          tgw_fedhas, lemuel_fruit_fields
Lair:3:   layout_long_grid, nicolae_snake_entry_warm_welcome,
          ebering_ghost_rock_garden, uniq_gastronok
Lair:4:   layout_loops_ring
Lair:5:   wormcave, layout_hall_layers, dpeg_slime_entry_enclosed, special_room
          [special_room_bee], uniq_kirke
Swamp:1:  layout_falls_marsh, nicolae_swamp_well_well_well
Swamp:2:  layout_basic_swamp, evilmike_swamp_ruin_rubble_2, swamp_pool_1_2,
          nicolae_swamp_wisp_ring_woods
Swamp:3:  layout_basic_swamp, evilmike_swamp_ruin_house_2,
          infiniplex_staircase_pool, uniq_nikola
Swamp:4:  swamp_fiery, layout_basic_swamp, nicolae_swamp_reclaimed_castle
Snake:1:  layout_honeycomb, nicolae_triple_integral, lemuel_fruit_tree,
          uniq_frances, uniq_mlioglotl
Snake:2:  layout_rooms, uniq_aizul, uniq_louise, uniq_jorgrun
Snake:3:  layout_misc_corridors, portal_ice_cave_entry_pillars_three,
          uniq_vashnia, uniq_saint_roka
Snake:4:  grunt_snake_rune_pools, layout_layer_cave,
          nicolae_snake_snakes_in_the_grass, grunt_megastairs_2
Slime:1:  layout_caves
Slime:2:  layout_caves, uniq_dissolution
Slime:3:  layout_caves
Slime:4:  nicolae_slime_infinislime, layout_caves
Slime:5:  slime_pit_nicolae_trefoil
Orc:1:    layout_diamond_mine, special_room [special_room_orc]
Orc:2:    st_orc_open, layout_caves, basic_altar, nicolae_orc_rich_vein,
          uniq_maurice, uniq_azrael, uniq_urug
Elf:1:    minmay_elf_arrival_summoners, layout_gridlike, serial_shops,
          nicolae_shop_temple_entry_statues_fountains, kb_rosetta
Elf:2:    elven_hall_of_blades_hangedman_alternative
          [nooodl_blade_entry_preview], layout_geoelf_octagon,
          nicolae_fountain_basement
Elf:3:    minmay_elf_hall_not_hex, layout_geoelf_octagon, enter_trove_0,
          serial_shops, nicolae_shop_back_alley_shop
Vaults:1: portal_desolation_entry_holy_temple, nicolae_vaults_alarming,
          nicolae_vaults_disjoint_gnomons, hangedman_vaults_locks,
          ontoclasm_vaults_twist, v_misc_19, nicolae_vaults_closet_pinwheel_5,
          nicolae_vaults_storage_closets_1, nicolae_vaults_storage_closets_3,
          nicolae_vaults_trapezoid_lopsided_3, nicolae_vaults_tetromino_Z_2,
          nicolae_vaults_tetromino_Z_2, nicolae_vaults_theta,
          ontoclasm_vaults_ring_small, layout_vaults_omnibox, uniq_norris
Vaults:2: hangedman_vaults_maws, dpeg_vaults_monster_row, v_misc_12,
          ontoclasm_vaults_shuriken, nicolae_vaults_closet_pinwheel_6,
          nicolae_vaults_yaktaur_gun_rack, nicolae_vaults_angled_halls,
          v_misc_1, v_misc_22, nicolae_vaults_circle_grid_b,
          nicolae_vaults_ring_of_whatevers,
          nicolae_vaults_storing_the_good_stuff, layout_vaults_big_cross,
          serial_shops, nicolae_square_shop, nicolae_shop_stone,
          nicolae_shop_advertising_works [nicolae_subvault_shop_adworks], shop,
          shop
Vaults:3: minmay_crypt_entry_necro_gods, v_rooms_2, grunt_vaults_focal,
          vaults_standard_mumra_enter_the_diamond,
          nicolae_vaults_border_crossing, layout_vaults_omnigrid, uniq_asterion
Vaults:4: vaults_room_large_hall, ontoclasm_vaults_gateway,
          nicolae_vaults_disappearing_quadrants, v_misc_31,
          nicolae_vaults_little_squares_5, hangedman_vaults_stream,
          layout_vaults_chaotic_city
Vaults:5
Crypt:1:  layout_basic, st_vampire_maze, grunt_crypt_arrival_guarded_gate
Crypt:2:  layout_chaotic_city, minmay_strange_pillars, grunt_megastairs_5
Crypt:3:  evilmike_haunted_forest
Tomb:1
Tomb:2
Tomb:3
Depths:1: layout_cave_pools, serial_glass, glass_columns_a, glass_columns_c,
          item_on_display_a, serial_shops, kennysheep_mini_moat, hell_entry,
          tso_altar, nicolae_shop_vocational, uniq_bai_suzhen, uniq_boris
Depths:2: hellmonk_hyper_hexagons [hex_subvault_roundabout, hex_subvault_fishy,
          hex_subvault_four_corners, hex_subvault_double_channel,
          hex_subvault_ellipse_pattern, hex_subvault_orbs], pan_entry,
          hell_entry
Depths:3: dreamdust_hydra_shepherd, layout_gridlike, rand_demon_pan_entry_4,
          hell_entry, gammafunk_ghost_split, abyss_entry,
          infiniplex_staircase_star
Depths:4: lemuel_castle_with_subvaults [lemuel_castle_interior_carwin_1],
          layout_cave_pools, abyss_entry, serial_shops, shop, shop,
          grunt_decor_fettered, lightli_too_deep, patterned_corridor,
          uniq_margery, uniq_mennas
Hell
Dis:1:    layout_gridville, minmay_strange_pillars
Dis:2:    nicolae_dis_heavy_handed_symbolism
Dis:3:    layout_subdivisions
Dis:4:    layout_regular_city, nrook_loot_triangle
Dis:5:    nicolae_dis_hell_of_blades
Dis:6:    layout_gridville
Dis:7:    dis_st
Geh:1:    layout_gehenna_lava_caves
Geh:2:    layout_gehenna_pools_triple, lemuel_hellion_isle
Geh:3:    layout_gehenna_pools_basic
Geh:4:    layout_gehenna_pools_box
Geh:5:    nicolae_geh_i_lava_good_maze
          [nicolae_geh_lavamaze_orthhalf_weird_bits,
          nicolae_geh_lavamaze_orthhalf_recurse]
Geh:6:    layout_gehenna_lava_caves, nicolae_hells_seeping_fissure
Geh:7:    geh_old
Coc:1:    nicolae_coc_three_mouths, layout_ice_bergs
Coc:2:    layout_cocytus_water_paths
Coc:3:    layout_ice_bergs
Coc:4:    nicolae_coc_cocytus_crossing, layout_cocytus_delve
Coc:5:    layout_cocytus_water_paths
Coc:6:    layout_cocytus_water_paths
Coc:7:    coc_grunt_cove [coc_grunt_cove_antaeus, coc_grunt_cove_fiend,
          coc_grunt_cove_fiend, coc_grunt_cove_fiend, coc_grunt_cove_fiend]
Tar:1:    layout_honeycomb, nicolae_tar_combstack
Tar:2:    layout_grid_maze
Tar:3:    layout_catacombs
Tar:4:    layout_grid_maze
Tar:5:    layout_honeycomb, nicolae_tar_cuneiform_to_be,
          nicolae_tar_cuneiform_heaven
Tar:6:    layout_grid_maze, nicolae_tar_four_comb_rooms
Tar:7:    tar_grunt_cathedral
Zot:1:    layout_twisted_circle, hangedman_zot_wheel_spokes,
          hangedman_zot_decor_checkerboard, uniq_parghit
Zot:2:    layout_gridlike, regret_index_zotdec_obsidian_hm
Zot:3:    layout_basic
Zot:4:    layout_misc_corridors, regret_index_zotdec_decaying_vile
Zot:5:    layout_gridlike

Skill      XL: |  1  2  3  4  5  6  7  8  9 10 11 12 13 14 15 16 17 18 19 20 21 22 23 24 25 26 27 |
---------------+----------------------------------------------------------------------------------+-----
Conjurations   | 1 2 3 4 5 |  5.0
Alchemy        | 5 7 8 10 11 12 16 22 | 22.0
Evocations     | 1 2 3 6 7 8 9 10 12 22 | 22.1
Spellcasting   | 3 4 6 7 8 9 10 11 12 | 12.0
Dodging        | 4 8 9 12 13 16 18 26 | 26.0
Fighting       | 4 6 7 8 10 12 13 15 16 17 18 19 21 22 26 | 26.0
Armour         | 2 4 6 9 11 12 13 20 | 20.6
Fire Magic     | 1 4 |  4.0
Air Magic      | 2 11 | 11.3
Throwing       | 2 5 6 8 11 14 22 | 22.0
Long Blades    | 6 9 11 14 17 18 19 21 23 26 | 26.7
Stealth        | 6 8 9 11 12 14 15 17 26 | 26.0
Necromancy     | 3 5 6 |  6.0
Translocations | 4 6 7 8 15 | 15.0
Earth Magic    | 3 5 |  5.0
Hexes          | 13 | 13.0

Action                     |  1- 3 |  4- 6 |  7- 9 | 10-12 | 13-15 | 16-18 | 19-21 | 22-24 | 25-27 || total
---------------------------+-------+-------+-------+-------+-------+-------+-------+-------+-------++-------
  Melee: Unarmed           |    34 |       |       |       |       |       |       |       |       ||    34
         Short sword       |       |    52 |    25 |       |       |       |       |       |       ||    77
         Scimitar          |       |       |    83 |   298 |   505 |    12 |       |       |       ||   898
         Great sword       |       |       |       |       |    49 |   520 |   804 |   874 |  2805 ||  5052
         Tailslap          |       |       |       |       |       |    22 |    12 |    22 |   181 ||   237
         Flamberge         |       |       |       |       |       |       |       |       |  3150 ||  3150
         Headbutt          |       |       |       |       |       |       |       |       |   441 ||   441
  Throw: Dart              |       |       |     9 |     2 |     2 |     2 |     1 |     1 |    41 ||    58
   Cast: Sting             |    78 |    98 |    63 |     3 |       |       |       |       |       ||   242
         Olgreb's Toxic Ra |       |     3 |    28 |    85 |   121 |    70 |    38 |    43 |    54 ||   442
         Mephitic Cloud    |       |       |       |     9 |     7 |     7 |     1 |       |     1 ||    25
         Sticky Flame      |       |       |       |    18 |    67 |    34 |    41 |    22 |    21 ||   203
         Mercury Vapours   |       |       |       |       |     4 |       |       |       |       ||     4
         Irradiate         |       |       |       |       |    13 |    28 |    30 |    20 |    99 ||   190
         Fugue of the Fall |       |       |       |       |       |       |    19 |    23 |    51 ||    93
         Eringya's Noxious |       |       |       |       |       |       |    18 |    23 |    64 ||   105
         Ignite Poison     |       |       |       |       |       |       |       |    11 |    19 ||    30
         Passwall          |       |       |       |       |       |       |       |     2 |    30 ||    32
         Apportation       |       |       |       |       |       |       |       |       |   288 ||   288
         Passage of Golubr |       |       |       |       |       |       |       |       |     7 ||     7
         Vhi's Electric Ch |       |       |       |       |       |       |       |       |   221 ||   221
         Lesser Beckoning  |       |       |       |       |       |       |       |       |    47 ||    47
         Blink             |       |       |       |       |       |       |       |       |    16 ||    16
         Silence           |       |       |       |       |       |       |       |       |     1 ||     1
 Invoke: Call Merchant     |       |       |       |       |       |     4 |     2 |       |     4 ||    10
         Potion Petition   |       |       |       |       |       |       |       |       |    54 ||    54
Ability: Evoke Blink       |       |       |       |       |       |     1 |       |       |    10 ||    11
  Evoke: Wand              |       |     2 |       |    16 |     1 |    13 |    33 |     8 |    48 ||   121
         Tin of tremorston |       |       |       |       |       |     4 |     6 |     4 |    21 ||    35
         Phantom mirror    |       |       |       |       |       |       |     1 |       |     6 ||     7
         Phial of floods   |       |       |       |       |       |       |     1 |       |     3 ||     4
         Lightning rod     |       |       |       |       |       |       |       |     5 |    11 ||    16
         Box of beasts     |       |       |       |       |       |       |       |     1 |     9 ||    10
         Horn of Geryon    |       |       |       |       |       |       |       |       |     2 ||     2
    Use: Scroll            |       |       |       |    10 |     9 |     5 |    14 |       |    61 ||    99
         Potion            |       |       |       |       |       |     1 |     1 |     1 |    56 ||    59
   Stab: Sleeping          |       |       |     1 |       |    19 |    16 |    25 |    20 |   112 ||   193
         Confused          |       |       |       |     4 |     2 |     4 |     2 |       |       ||    12
         Paralysed         |       |       |       |     6 |     2 |     1 |       |       |     5 ||    14
         Distracted        |       |       |       |       |     8 |    12 |    20 |    19 |   234 ||   293
         Invisible         |       |       |       |       |       |     3 |       |     2 |    82 ||    87
 Armour: Robe              |    16 |       |     6 |   100 |   235 |   319 |   266 |       |       ||   942
         Leather armour    |    13 |    62 |    91 |       |       |       |       |       |       ||   166
         Ring mail         |       |       |       |       |       |       |   164 |   405 |   700 ||  1269
         Pearl dragon scal |       |       |       |       |       |       |       |       |  2296 ||  2296
  Dodge: Dodged            |    32 |   111 |   159 |   265 |   580 |   652 |   823 |   794 |  6602 || 10018

Table legend: (Time is in decaauts)
 A = Elapsed time spent in this place.
 B = Non-inter-level travel time spent in this place.
 C = Inter-level travel time spent in this place.
 D = Time resting spent in this place.
 E = Time spent auto-exploring this place.
 F = Levels seen in this place.
 G = Mean time per level.
                   A        B        C        D        E       F      G
               +--------+--------+--------+--------+--------+-----+--------+
         Total | 107480 |  95135 |  12345 |   2171 |  70023 | 113 |  951.2 |
       Dungeon |  23178 |  18107 |   5071 |    115 |  15012 |  15 | 1545.2 |
        Temple |     49 |     28 |     21 |      0 |      0 |   1 |   49.0 |
          Lair |   7905 |   6801 |   1104 |    219 |   5662 |   5 | 1581.0 |
         Swamp |   3266 |   3003 |    263 |      0 |   2390 |   4 |  816.5 |
     Snake Pit |   5326 |   4931 |    395 |    328 |   3663 |   4 | 1331.5 |
    Slime Pits |   5321 |   5024 |    297 |    175 |   3891 |   5 | 1064.2 |
  Orcish Mines |   2675 |   1896 |    779 |     11 |   1516 |   2 | 1337.5 |
   Elven Halls |   3744 |   3203 |    541 |      3 |   2523 |   3 | 1248.0 |
        Vaults |  10355 |   8862 |   1493 |     65 |   7089 |   5 | 2071.0 |
         Crypt |   4151 |   3566 |    585 |      0 |   2775 |   3 | 1383.7 |
          Tomb |   2983 |   2862 |    121 |     71 |   1668 |   3 |  994.3 |
        Depths |   8665 |   7744 |    921 |    255 |   5721 |   4 | 2166.2 |
          Hell |    839 |    722 |    117 |     57 |    405 |   1 |  839.0 |
           Dis |   2795 |   2519 |    276 |     77 |   1584 |   7 |  399.3 |
       Gehenna |   2267 |   2191 |     76 |     10 |   1432 |   7 |  323.9 |
       Cocytus |   2963 |   2872 |     91 |    177 |   1687 |   7 |  423.3 |
      Tartarus |   1980 |   1918 |     62 |    136 |   1083 |   7 |  282.9 |
           Zot |   2417 |   2292 |    125 |     23 |   1433 |   5 |  483.4 |
         Abyss |   1971 |   1971 |      0 |     13 |   1150 |   3 |  657.0 |
   Pandemonium |  12599 |  12599 |      0 |    211 |   8198 |  20 |  630.0 |
      Ice Cave |    870 |    870 |      0 |    223 |    355 |   1 |  870.0 |
    Desolation |   1152 |   1152 |      0 |      0 |    781 |   1 | 1152.0 |
               +--------+--------+--------+--------+--------+-----+--------+

Top non-repeatable levels by time:
Depths:3: 3181 daAuts
Vaults:5: 3085 daAuts
  Lair:5: 2478 daAuts
Depths:2: 2271 daAuts
Depths:4: 2141 daAuts
Vaults:1: 2116 daAuts
 Snake:4: 2051 daAuts
     D:8: 2047 daAuts
Vaults:3: 1998 daAuts
    D:10: 1960 daAuts
 Crypt:3: 1950 daAuts
   Orc:2: 1898 daAuts
   Coc:7: 1830 daAuts
    D:15: 1795 daAuts
     D:3: 1757 daAuts
